Workbook

Sheet Status log
A1: Version number | B1: Date | C1: Officer | D1: Changes
A2: 1 | B2: 44896 | C2: Waste team | D2: Launch
A3: 2 | B3: 44988
A4: 3 | B4: 45147 | C4: Louise Bailey | D4: Online forms
A5: 4 | B5: 45390 | C5: Louise Bailey | D5: Charging scheme
A6: 4.1 | B6: 45513
A7: 5 | B7: 45748 | C7: Louise Bailey | D7: Charging scheme
A8: 5.1 | B8: 45790 | C8: Kate Thomas | D8: Bioaerosol checklists added
A9: 5.2 | B9: 45868 | C9: Louise Bailey | D9: Updated landowner notification link Addition of status log
A10: 5.2 | B10: 45877 | C10: Louise Bailey | D10: Added note re TCM for 2024 SRPs
A11: 5.3 | B11: 45950 | C11: Louise Bailey | D11: Amended FPMP tab for new guidance
A12: 5.3 | B12: 45957 | C12: Kate Thomas | D12: Amended IED info on Docs & info

Sheet V5.3 Intro
A1: How to use
A2: 1. save a copy of this checklist into your WIP. Do not amend this document (including deleting tabs) without doing this first as deleting tabs cannot be undone.
A3: 2. select what tabs you need to keep/delete based on the application type you are determining. See below for types
A4: 3. on each non-supporting documents tab select the application type on the filtered section, and hide the options (if relevant)
A5: 4. read each question and applicable drafting notes (in pink) carefully, as some of the questions have changed. Remember to delete the drafting notes before saving the final version to the DMS
A6: 5. some questions give pre-recorded answers, you should pick the one answered in the form
A7: 6. the checklist will record the number of "no" answers on each tab and summarise them on the decisions and actions tab.
A8: 7. any "no" that is highlighted as red will trigger a returned application
A11: Type | B11: Drafting note | C11: Tabs
A12: New SRP | B12: Select this for all new waste standard rule applications- site based and mobile plant If the application is for SR2012 No15 then you should send a draft permit to the applicant and get them to review and confirm the PERMIT boundary. | C12: Details & Dates Doc's & info New SRP SRP location Fee Calculator Decision and actions required Relevant supporting doc tab(s)
A13: New Bespoke | B13: Select this for all new bespoke applications. (mining waste to be added to forms) | C13: Details & Dates Doc's & info New Besp Fee Calculator Decision and actions required Relevant supporting doc tab(s)
A14: Vary SRP | B14: Use this option for variation applications to add or to become a standard rule activity, for minor technical variations to increase the permit boundary, or for admin variations of SRPs. If the application is for SR2012 No15 then you should send a draft permit to the applicant and get them to review and confirm the PERMIT boundary | C14: Details & Dates Doc's & info Var SRP Fee Calculator Decision and actions required Relevant supporting doc tab(s)
A15: Vary Bespoke | B15: Use this for all types of variations for bespoke permits- admins, minor technical and normal | C15: Details & Dates Doc's & info Var Besp Fee Calculator Decision and actions required Relevant supporting doc tab(s)
A16: Transfer | B16: Select this for all transfer applications – both full and partial. | C16: Details & Dates Doc's & info Transfer Fee Calculator Decision and actions required Relevant supporting doc tab(s)
A17: Surrender | B17: Select this for all waste facility and non-installation mining waste activity surrender applications. The checklist can be used for all types of surrender application; normal, low risk, basic and ‘non-operational’. This checklist applies to both full and partial surrenders This checklist applies to both site and mobile plant permits. | C17: Details & Dates Doc's & info Surrender Fee Calculator Decision and actions required Relevant supporting doc tab(s)
A18: New Bespoke Extractive Waste | B18: Select this for all new Tier 2 and Tier 3 bespoke mining waste permit applications. For standard rule mining waste permit applications use the standard rule permit option. | C18: Details & Dates Doc's & info Part A Part F1 Part B1/C1 Part B2/C2 Part B5/C5 Decision and actions required Relevant supporting doc tab(s)
A19: New Bespoke Tier 2/SRP with location assessment | B19: Select this for all new Tier 2 bespoke applications, that are not mining waste. | C19: Details & Dates Doc's & info Part A Part F1 Part B2/C2 Part B4/C4 Decision and actions required Relevant supporting doc tab(s)

Sheet Details & Dates
A1: Application details
A2: PAN reference | B2: PAN-031728
A3: EPR reference | B3: EPR/AB3694ZG
A4: Applicant name | B4: SP Manweb Plc
A5: Facility name | B5: Rhyl Depot Cefndy Road Rhyl LL18 2TT
A6: Area | B6: Denbighshire
A7: Operations Team | B7: NE Waste Reg
A8: Site officer/team leader | B8: Boguslawa Pierzchala
A9: Total time recording | B9: 360
A11: Relevant dates | C11: New Bespoke Tier 2 | D11: New SRP | E11: New Bespoke | F11: Var SRP | G11: Var Bespoke | H11: Transfer | I11: Surrender
A12: Date application arrived in NRW | B12: 46063 | C12: Y | D12: Y | E12: Y | F12: Y | G12: Y | H12: Y | I12: Y
A13: Date application acknowledged | B13: 46063 | C13: Y | D13: Y | E13: Y | F13: Y | G13: Y | H13: Y | I13: Y
A14: Date not duly made (information request sent) | B14: n/a | C14: Y | D14: Y | E14: Y | F14: Y | G14: Y | H14: Y | I14: Y
A15: Date of any additional not duly made requests | B15: n/a | C15: Y | D15: Y | E15: Y | F15: Y | G15: Y | H15: Y | I15: Y
A16: Date duly made The duly made date is either (I) the date the application was originally received at Natural Resources Wales in the event of no additional information being requested during the duly make process. OR (ii) the date at which the final piece of additional information requested during the duly make process is received | B16: 46063 | C16: Y | D16: Y | E16: Y | F16: Y | G16: Y | H16: Y | I16: Y
A17: Date returned to applicant or deemed withdrawn | B17: n/a | C17: Y | D17: Y | E17: Y | F17: Y | G17: Y | H17: Y | I17: Y
A18: Date applicant sent duly made confirmation | B18: 46150 | C18: Y | D18: Y | E18: Y | F18: Y | G18: Y | H18: Y | I18: Y
A19: Date sent to external consultees (if applicable) | B19: n/a | C19: N | D19: N | E19: Y | F19: N | G19: Y | H19: N | I19: Y
A20: Date application publicised on Website | C20: N | D20: N | E20: Y | F20: N | G20: Y | H20: N | I20: N
A21: Date advert placed in newspaper (if applicable) | C21: N | D21: N | E21: Y | F21: N | G21: Y | H21: N | I21: N
A22: Date application publicised on Natural Resources Wales Website and on Social Media (Twitter and Facebook Page) | B22: Mining waste only | C22: N | D22: N | E22: Y | F22: N | G22: Y | H22: N | I22: N
A23: Date email sent to MP’s /AM’s (if required and agreed by the Area) | B23: Mining waste only | C23: N | D23: N | E23: Y | F23: N | G23: Y | H23: N | I23: N

Sheet Doc's & info
A1: Documents and information checklist: | D1: New Bespoke Tier 2 | E1: New SRP | F1: New Bespoke | G1: Var SRP | H1: Var Bespoke | I1: Var Admin | J1: Transfer | K1: Surrender
B2: Yes/No/NA | C2: Comments | D2: Y | E2: Y | F2: Y | G2: Y | H2: Y | I2: Y | J2: Y | K2: Y
A3: Environment Management System summary | C3: Full transfer: Only needed if the new holder isn’t/ can’t use the existing management system. Part Transfer: To reflect the split of activities/ those activities transferring to the proposed new holder. | D3: N | E3: N | F3: Y | G3: N | H3: Y | I3: N | J3: Y | K3: N | M3: Yes
A4: Non technical summary | B4: Yes | D4: N | E4: N | F4: Y | G4: N | H4: Y | I4: N | J4: Y | K4: Y | M4: No
A5: Site plan | B5: Yes | D5: Y | E5: Y | F5: Y | G5: Y | H5: Y | I5: N | J5: Y | K5: Y | M5: N/A
A6: Site specific risk assessment | C6: Part Transfer: To reflect the split of activities/ those activities transferring to the proposed new holder. | D6: Y | E6: N | F6: Y | G6: N | H6: Y | I6: N | J6: Y | K6: N
A7: Site condition report | D7: N | E7: N | F7: Y | G7: N | H7: Y | I7: N | J7: N | K7: N
A8: Odour management plan | C8: Part Transfer: Only needed if the new holder isn’t/ can’t use the existing management system. Note: OMP carries an assessment fee. | D8: N | E8: N | F8: Y | G8: N | H8: Y | I8: N | J8: Y | K8: N
A9: Waste Recovery Plan | C9: T3 New bespoke: only required for permanent deposit of waste for recovery purposes Note: WRP carries an assessment fee. | D9: N | E9: Y | F9: Y | G9: Y | H9: Y | I9: N | J9: Y | K9: N
A10: Fire prevention mitigation plan | C10: T3 New bespoke: only required if proposed waste is listed as one of the combustible materials in the current guidance – for duly making, ensure the plan has been produced in accordance with our current guidance – look at the headings in the guidance and check that the FPMP is based on this. Note: FPMP carries an assessment fee. | D10: N | E10: N | F10: Y | G10: N | H10: Y | I10: N | J10: Y | K10: N
A11: Noise impact assessment and management plan | C11: T3 New bespoke: required unless there is a low risk of impact, use the qualitative noise screening tool to help guide your decision – for duly making, ensure the NIA report covers the key elements required by clause 12 of BS4142, and that modelling files (we use Candara & Sound Plan, if they used different software they must provide .qi files), calculations and monitoring data has been provided) Note: NIA and NMP carry an assessment fee. | D11: N | E11: N | F11: Y | G11: N | H11: Y | I11: N | J11: Y | K11: N
A12: Waste Management Plan | C12: Mining Waste only Part Transfer: Only needed if the new holder isn’t/ can’t use the existing management system. | D12: N | E12: N | F12: Y | G12: N | H12: Y | I12: N | J12: Y | K12: N
A13: Dust Management Plan | C13: Note: DMP carries an assessment fee. | D13: N | E13: N | F13: Y | G13: N | H13: Y | I13: N | J13: N | K13: N
A14: Pest Management Plan | C14: Note: PMP carries an assessment fee. | D14: N | E14: N | F14: Y | G14: N | H14: Y | I14: N | J14: N | K14: N
A15: Water Framework Directive assessment of process effluent evidence/information | C15: Note: WFD assessment carries an assessment fee. | D15: N | E15: N | F15: Y | G15: N | H15: Y | I15: N | J15: N | K15: N
A16: Discharge to water evidence/information | C16: Note: discharge to water assessment carries an assessment fee. | D16: N | E16: N | F16: Y | G16: N | H16: Y | I16: N | J16: N | K16: N
A17: Bioaerosol risk assessment | C17: To be considered for all biowaste treatment facilities - go to "Bioaerosols tab" to screen and consider if Site Specific Bioaerosol Risk Assessment is required. Note: bioaerosol assessment carries an assessment fee. Refer to "Anaerobic digestion" tab for further information required for bespoke and normal variations for AD. | D17: N | E17: N | F17: Y | G17: N | H17: Y | I17: N | J17: N | K17: N
A18: Other management plans | C18: Part Transfer: Only needed if the new holder isn’t/ can’t use the existing management system. | D18: N | E18: N | F18: Y | G18: N | H18: Y | I18: N | J18: Y | K18: N
A19: Technical competence information Including continuing competence evidence, if needed | C19: Mining waste: only for has waste Mining Waste Facilities and CAT A | D19: Y | E19: Y | F19: Y | G19: Y | H19: Y | I19: N | J19: Y | K19: N
... A21: Financial Provision information | C21: Surrender- site: only if FP is in place for the activity Mining waste: only for MWO including a MWF- Hazardous Waste and CAT A Mining Waste Facilities | D21: N | E21: Y | F21: Y | G21: Y | H21: Y | I21: N | J21: Y | K21: N
A22: Relevant conviction information | D22: Y | E22: Y | F22: Y | G22: Y | H22: Y | I22: N | J22: Y | K22: N
A23: Confidentiality claim evidence | B23: N/A | D23: Y | E23: Y | F23: Y | G23: Y | H23: Y | I23: N | J23: Y | K23: Y
A24: Fee | B24: Yes | C24: Transaction ref: 2152451 Date: 12/02/2026 Ref: BS/120226/4/GBP FASTER PAYMENTSL- 58558583 -1002/DANIEL PERRY/WPCC16434 Amount: 4,724.00 | D24: Y | E24: Y | F24: Y | G24: Y | H24: Y | I24: Y | J24: Y | K24: Y
A25: IMPORTANT: Industrial Emissions Directive (IED) Activity Is the activity/is that the applicant has applied for subject to the Industrial Emissions Directive? These activities include: 1. Hazardous waste storage 2. Biological treatment (i.e. composting and anaerobic digestion) 3. Physico-chemical treatment (i.e. soil washing) 4. Pre-treatment for incineration or co-incineration 5. Treatment of slags and ashes 6. Treatment of metal waste in shredders 7. Incineration of waste gasses | C25: T3 New bespoke and variations (to add treatment activities or waste activities or increase annucal throughput) : IMPORTANT – Please refer to “IED” in the training folder for further information before you duly make the application. Refer to "Anaerobic digestion" tab for further information required for bespoke and normal variations for AD. | D25: N | E25: N | F25: Y | G25: N | H25: Y | I25: N | J25: N | K25: N
A26: If it is an IED activity, has the applicant provided information to demonstrate how they will comply with the relevant limits and therefore be able to remain as a waste facility? | C26: T3 New bespoke and variations: Do not duly make the application if you are unsure. If the applicant cannot comply with the limit, they will need to apply for an installation permit. | D26: N | E26: N | F26: Y | G26: N | H26: Y | I26: N | J26: N | K26: N
A27: Evidence to support basic surrender | B27: N/A | D27: N | E27: N | F27: N | G27: N | H27: N | I27: N | J27: N | K27: Y
A28: Evidence to support low risk surrender | B28: Yes | D28: N | E28: N | F28: N | G28: N | H28: N | I28: N | J28: N | K28: Y
A29: Evidence to support non-operational surrender | B29: N/A | D29: N | E29: N | F29: N | G29: N | H29: N | I29: N | J29: N | K29: Y
A30: Evidence to support full/normal surrender | B30: N/A | D30: N | E30: N | F30: N | G30: N | H30: N | I30: N | J30: N | K30: Y
A31: Site closure/ surrender report | B31: Yes | D31: N | E31: N | F31: N | G31: N | H31: N | I31: N | J31: N | K31: Y
A32: Report on ‘steps taken to avoid pollution/ return the site to satisfactory sate’. | B32: Yes | D32: N | E32: N | F32: N | G32: N | H32: N | I32: N | J32: N | K32: Y
A33: Site plan showing area being surrendered | B33: Yes | D33: N | E33: N | F33: N | G33: N | H33: N | I33: N | J33: N | K33: Y
A34: Appropriate forms submitted to the WR or WQ teams? | C34: Mining Waste only | D34: N | E34: N | F34: Y | G34: N | H34: Y | I34: N | J34: N | K34: N
A35: Has geoscience made any comment on the WQ/WR forms that may be considered in determination? | C35: Mining Waste only | D35: N | E35: N | F35: Y | G35: N | H35: Y | I35: N | J35: N | K35: N
A36: Percentage of required documents missing | B36: =(100*(COUNTIF(B3:B35,"No"))/((COUNTIF(B3:B35,"Yes"))+(COUNTIF(B3:B35,"No")))) -> 0 | C36: Where over 25% of responses are no, the application is regarded as incomplete | D36: Y | E36: Y | F36: Y | G36: Y | H36: Y | I36: Y | J36: Y | K36: Y

Sheet New SRP
A1: New SRP
A2: Qu | B2: Action | C2: Yes/No/NA | D2: Comments | E2: SR2009 No8 | F2: SR2017 No1 | G2: All other SRPs | I2: Yes
A3: Form | B3: Tell us what type of applicant you are has the type of applicant question answered? | D3: Delete: individual/organisation of individuals (e.g. partnership)/public body/company or corporate body | E3: Y | F3: Y | G3: Y | I3: No
A4: Form | B4: Tell us your details if you are applying as an individual If an individual, has the individual information provided? | D4: only if answered individual | E4: Y | F4: Y | G4: Y | I4: N/A
A5: Form | B5: Tell us your details if you're an organisation of individuals (partnerships) If an organisation of individuals has the organisations details been provided? | D5: only if answered organisation of individuals (e.g. partnership) | E5: Y | F5: Y | G5: Y
A6: Form | B6: Tell us about any partners If an organisation of individuals has partner 1-10 details been provided? | D6: only if answered organisation of individuals (e.g. partnership) | E6: Y | F6: Y | G6: Y
A7: Form | B7: Tell us about your application as a public body If a public body, has the public body name been given? | D7: only if answered public body | E7: Y | F7: Y | G7: Y
A8: Form | B8: has executive officer's details been given? | D8: only if answered public body | E8: Y | F8: Y | G8: Y
A9: Form | B9: Tell us about your application as a registered company or other corporate body has the registered with Companies House question answered? | D9: only if answered company or corporate body Delete: answered yes/no | E9: Y | F9: Y | G9: Y
A10: Form | B10: Give us evidence that you are a legal body that we can issue a permit to If answered No (i.e. they are not on UK companies house): has the legal body details been provided? | D10: only if answered company or corporate body | E10: Y | F10: Y | G10: Y
A11: Form | B11: has the evidence that you are a legal body been provided? | D11: only if answered company or corporate body | E11: Y | F11: Y | G11: Y
A12: Form | B12: Tell us about your application as a registered company or other corporate body If answered Yes: has the company details been given? | D12: only if answered company or corporate body | E12: Y | F12: Y | G12: Y
A13: Info | B13: Registered companies only; Is it registered and active on Companies House? | D13: only if answered company or corporate body Date checked: | E13: Y | F13: Y | G13: Y
A14: Info | B14: Is the applicant a legal person as per definition of ‘operator’? | D14: only if answered company or corporate body | E14: Y | F14: Y | G14: Y
A15: Form | B15: Tell us who we can talk to about your application has the application contact details been provided? | E15: Y | F15: Y | G15: Y
A16: Form | B16: Give us details of the person we can talk to about your operation has the operation contact details been provided? | E16: Y | F16: Y | G16: Y
A17: Form | B17: Tell us who we can talk to about billing has the billing contact details been provided? | E17: Y | F17: Y | G17: Y
A18: Form | B18: Tell us about the site's landowner has the landowner question been answered? | D18: Delete: answered yes/no | E18: Y | F18: Y | G18: Y
A19: Form | B19: Landowner's details Has the landowner's details been provided? | D19: If the landowner details have not been correctly provided, we can ask for them, but it is not a reason to not duly make an application. | E19: Y | F19: Y | G19: Y
A20: Info | B20: Has landowner letter been sent as per process? | D20: Letter template | E20: Y | F20: Y | G20: Y
A21: Form | B21: Tell us about any pre-application advice we've given you has a pre-application reference been provided? | D21: n/a if no pre-app has been detailed by the applicant | E21: Y | F21: Y | G21: Y
A22: Info | B22: Pre-application record found in DMS? | D22: Check DMS even if applicant has not provided info about pre-application- including CAR forms. n/a if none present, as above. | E22: Y | F22: Y | G22: Y
A23: Form | B23: Tell us what standard rules you are applying for have we been told what standard rules are being applied for? | E23: Y | F23: Y | G23: Y
A24: Form | B24: Tell us about your mining waste operation SR2009 No8 (mining waste) only (Q10-21) has the waste management plan question been answered? | D24: Delete: answered yes/no | E24: Y | F24: N | G24: N
A25: Form | B25: has the inspection question been answered? | D25: Delete: answered yes/no | E25: Y | F25: N | G25: N
A26: Form | B26: has the Category A facility justification question been answered? | D26: Delete: answered yes/no | E26: Y | F26: N | G26: N
A27: Form | B27: has the characterisation question been answered? | D27: Delete: answered yes/no | E27: Y | F27: N | G27: N
A28: Form | B28: has the inert confirmation question been answered? | D28: Delete: answered yes/no | E28: Y | F28: N | G28: N
A29: Form | B29: has the quantity question been answered? | D29: Delete: answered yes/no | E29: Y | F29: N | G29: N
A30: Form | B30: has the waste generation and treatment question been answered? | D30: Delete: answered yes/no | E30: Y | F30: N | G30: N
A31: Form | B31: has the adverse effect and preventive measures question been answered? | D31: Delete: answered yes/no | E31: Y | F31: N | G31: N
A32: Form | B32: has the closure question been answered? | D32: Delete: answered yes/no | E32: Y | F32: N | G32: N
A33: Form | B33: has the land condition survey question been answered? | D33: Delete: answered yes/no | E33: Y | F33: N | G33: N
A34: Form | B34: has the inert mining waste facility question been answered? | D34: Delete: answered yes/no | E34: Y | F34: N | G34: N
A35: Form | B35: has the number of inert mining waste facilities been given? | E35: Y | F35: N | G35: N
A36: Form | B36: has the sector category been given? | D36: Delete: answered construction/industrial/energy/other | E36: Y | F36: N | G36: N
A37: Form | B37: Tell us about your waste recovery plan SR2017 No1 (waste recovery plan) only (Q22-25) Has the question re having already assessed the plan been answered? | D37: Delete: answered yes-no changes/yes-changes/no | E37: N | F37: Y | G37: N
A38: Form | B38: Give us your waste recovery plan has the WRP been uploaded? | E38: N | F38: Y | G38: N
A39: Form | B39: Tell us about the changes you have made to your waste recovery plan If changes have been made; has a summary of the changes been given? | E39: N | F39: Y | G39: N
A40: Form | B40: Tell us about the site Has the site information been provided? | D40: not needed for mobile plant | E40: Y | F40: Y | G40: Y
A41: Form | B41: Upload your site plan Has a site plan been uploaded? | D41: not needed for mobile plant | E41: Y | F41: Y | G41: Y
A42: Info | B42: Does it meet the guidance? | D42: not needed for mobile plant | E42: Y | F42: Y | G42: Y
A43: Form | B43: Tell us about any relevant offences has the relevant offences question been answered? | D43: Delete: answered yes/no | E43: Y | F43: Y | G43: Y
A44: Form | B44: Tell us about the person convicted of a relevant offence If answered yes, have details been given? | E44: Y | F44: Y | G44: Y
A45: Form | B45: Do you want to tell us about other relevant people with relevant offences? has other relevant people with relevant offences question answered? | D45: Delete: answered yes/no | E45: Y | F45: Y | G45: Y
A46: Form | B46: Tell us about other relevant offences If answered yes, have details been given? | E46: Y | F46: Y | G46: Y
A47: Form | B47: Tell us about your technical ability Has technical ability question been answered? Do they already hold the relevant, formal qualifications? | D47: Delete: answered yes/no | E47: Y | F47: Y | G47: Y
A48: Form | B48: Give us your technical ability evidence has technical ability evidence been provided? This will be certificates or registration documents | D48: Until WAMITAB website is updated: For SR2024No01/02/03 use MROC1/VRQ406 | E48: Y | F48: Y | G48: Y | H48: See TCM Tab
A49: Form | B49: Tell us about insolvency or bankruptcy has insolvency/ bankruptcy question been answered? | D49: Delete: answered yes/no | E49: Y | F49: Y | G49: Y
A50: Form | B50: Tell us about relevant people with bankruptcy or insolvency If answered yes, have details been given? | D50: Financial provision will be required if insolvent/bankrupt, or depending on activity type. | E50: Y | F50: Y | G50: Y
A51: Form | B51: if required, have relevant documents been provided? | E51: Y | F51: Y | G51: Y
A52: Form | B52: Tell us about your management system has the management system to be used been selected? | D52: Delete: answered EMAS, ISO14001/BS8555/Green Dragon/own | E52: Y | F52: Y | G52: Y
A53: Form | B53: have they confirmed the management system will meet the guidance | E53: Y | F53: Y | G53: Y
A54: Form | B54: How we collect your personal data have they confirmed they understand how we will use data? | E54: Y | F54: Y | G54: Y
A55: Form | B55: Freedom of Information have they confirmed they understand the Freedom of Information Act information? | E55: Y | F55: Y | G55: Y
A56: Form | B56: National security Has the national security question been answered? | D56: Delete: answered yes/no | E56: Y | F56: Y | G56: Y
A57: Form | B57: Upload the national security letter you sent to Welsh Ministers If answered yes, has the letter been provided? | E57: Y | F57: Y | G57: Y
A58: Form | B58: Do you want to make a confidentiality claim? Has the confidentiality claim question been answered? | D58: Delete: answered yes/no | E58: Y | F58: Y | G58: Y
A59: Form | B59: Give reasons for your confidentiality claim If answered yes, has evidence been provided? | D59: Note: Confidentiality claim carries an assessment fee. See Determination guide waste annex for process | E59: Y | F59: Y | G59: Y
A60: Form | B60: Tell us if you are signing on behalf of a relevant person Has the signing on behalf of a relevant person question been answered? | D60: Delete: answered yes/no | E60: Y | F60: Y | G60: Y
A61: Form | B61: Upload confirmation from a relevant person If answered yes, has evidence been provided? | E61: Y | F61: Y | G61: Y
A62: Form | B62: Confirm that you are able to meet the standard rules criteria Have they confirmed they will meet the SRP? | E62: Y | F62: Y | G62: Y
A63: Form | B63: If your application includes ecological survey information Have they confirmed that ecological survey information can be used? | E63: Y | F63: Y | G63: Y
A64: Form | B64: Sign the declaration Has the declaration been signed? | E64: Y | F64: Y | G64: Y
A65: Info | B65: Has the declaration been signed by a relevant person? | E65: Y | F65: Y | G65: Y
A66: Info | B66: Is the declaration correct? | D66: Check against relevant people for a company or LLP. Declaration wording on form or Wording for additional declarations must be completed | E66: Y | F66: Y | G66: Y
A67: Form | B67: Upload any additional declarations Are there additional declarations? | D67: Delete: answered yes/no | E67: Y | F67: Y | G67: Y
A68: Form | B68: If answered yes, has additional declarations been provided? | E68: Y | F68: Y | G68: Y
A69: Info | B69: Has these declaration(s) been signed by a relevant person? | E69: Y | F69: Y | G69: Y
A70: Info | B70: Are these declaration(s) correct? | D70: Check against relevant people for a company or LLP. Declaration wording on form or Wording for additional declarations must be completed | E70: Y | F70: Y | G70: Y
A71: Form | B71: Tell us how you will pay us Has payment method been given? | D71: Delete: answered Bank transfer/phone/cheque | E71: Y | F71: Y | G71: Y
A72: Form | B72: Create a payment reference Has payment reference been given? If paid by cheque, has a cheque number been given? | E72: Y | F72: Y | G72: Y
A73: Form | B73: Enter the total payment Has the payment amount and fee breakdown been given? | E73: Y | F73: Y | G73: Y
A74: Info | B74: Is the payment on MyNRW | E74: Y | F74: Y | G74: Y
A75: Info | B75: Is the fee correct? | E75: Y | F75: Y | G75: Y
A76: Form | B76: Is there anything else you want to tell us? Has any other documents been uploaded? | E76: Y | F76: Y | G76: Y
B77: Percentage of form incomplete | C77: =(100*(COUNTIF(C3:C76,"No"))/((COUNTIF(C3:C76,"Yes"))+(COUNTIF(C3:C76,"No")))) -> #DIV/0! | D77: Where over 25% of responses are no, the form is regarded as incomplete | E77: Y | F77: Y | G77: Y

Sheet Var SRP
A1: Variation of an SRP
A2: Qu | B2: Action | C2: Yes/No/NA | D2: Comments | E2: Admin Var- All SRPs | F2: Normal and MT Var- SR2009 No8 | G2: Normal & MT Var- SR2017 No1 | H2: Normal & MT Var- All other SRPs | J2: Yes
A3: Form | B3: Which permit do you want to change? Has the permit number been given? | E3: Y | F3: Y | G3: Y | H3: Y | J3: No
A4: Form | B4: Tell us about any pre-application advice we've given you has a pre-application reference been provided? | D4: n/a if no pre-app has been detailed by the applicant | E4: Y | F4: Y | G4: Y | H4: Y | J4: N/A
A5: Info | B5: Pre-application record found in DMS? | D5: Check DMS even if applicant has not provided info about pre-application- including CAR forms. n/a if none present, as above. | E5: Y | F5: Y | G5: Y | H5: Y
A6: Form | B6: Do your changes involve a name or address? Has the question been answered? | D6: Delete: answered yes/no If company name is changing, also check if the site name needs to change too | E6: Y | F6: Y | G6: Y | H6: Y
A7: Form | B7: Tell us what type of applicant you are has the type of applicant question answered? | D7: Delete: individual/organisation of individuals (e.g. partnership)/public body/company or corporate body | E7: N | F7: Y | G7: Y | H7: Y
A8: Form | B8: Tell us your up to date details as an individual with a permit If an individual, has the individual information provided? | E8: N | F8: Y | G8: Y | H8: Y
A9: Form | B9: Has explanation been given? | E9: N | F9: Y | G9: Y | H9: Y
A10: Form | B10: Changes to details of your organisation of individuals (e.g. partnerships) If a partnership, have details of what's changing been given? | E10: N | F10: Y | G10: Y | H10: Y
A11: Form | B11: Tell us about administrative changes to your public body If a public body, has the public body name been given? | E11: N | F11: Y | G11: Y | H11: Y
A12: Form | B12: Have details of what's changing been given? | E12: N | F12: Y | G12: Y | H12: Y
A13: Form | B13: Tell us about administrative changes to your company If a company, have details of what's changing been given? | E13: N | F13: Y | G13: Y | H13: Y
A14: Info | B14: Registered companies only; Is it registered and active on Companies House? | D14: Date checked: | E14: N | F14: Y | G14: Y | H14: Y
A15: Info | B15: Registered companies only; does the registered office address match the permit? | E15: N | F15: Y | G15: Y | H15: Y
A16: Form | B16: Do you want to make any other changes to your permit? Has the question been answered? | D16: Delete: answered yes/no | E16: Y | F16: Y | G16: Y | H16: Y
A17: Form | B17: Do you want to increase the area of your standard rules permit? Has the question been answered? | D17: Delete: answered yes/no | E17: N | F17: Y | G17: Y | H17: Y
A18: Form | B18: Upload a new site plan Has a site plan been uploaded? | E18: N | F18: Y | G18: Y | H18: Y
A19: Form | B19: Do you want to add standard rule activities to your permit? Has the question been answered? | D19: Delete: answered yes/no | E19: N | F19: Y | G19: Y | H19: Y
A20: Form | B20: Tell us what standard rules you are applying to add to your permit If yes, have the rule set(s) been given? | E20: N | F20: Y | G20: Y | H20: Y
A21: Form | B21: Tell us about your waste recovery plan SR2017 No1 (waste recovery plan) only Has the question re having already assessed the plan been answered? | D21: Delete: answered yes-no changes/yes-changes/no | E21: N | F21: N | G21: Y | H21: N
A22: Form | B22: Give us your waste recovery plan has the WRP been uploaded? | E22: N | F22: N | G22: Y | H22: N
A23: Form | B23: Tell us about the changes you have made to your waste recovery plan If changes have been made; has a summary of the changes been given? | E23: N | F23: N | G23: Y | H23: N
A24: Form | B24: Tell us about your mining waste operation SR2009 No8 (mining waste) only has the waste management plan question been answered? | D24: Delete: answered yes/no | E24: N | F24: Y | G24: N | H24: N
A25: Form | B25: has the inspection question been answered? | D25: Delete: answered yes/no | E25: N | F25: Y | G25: N | H25: N
A26: Form | B26: has the Category A facility justification question been answered? | D26: Delete: answered yes/no | E26: N | F26: Y | G26: N | H26: N
A27: Form | B27: has the characterisation question been answered? | D27: Delete: answered yes/no | E27: N | F27: Y | G27: N | H27: N
A28: Form | B28: has the inert confirmation question been answered? | D28: Delete: answered yes/no | E28: N | F28: Y | G28: N | H28: N
A29: Form | B29: has the quantity question been answered? | D29: Delete: answered yes/no | E29: N | F29: Y | G29: N | H29: N
A30: Form | B30: has the waste generation and treatment question been answered? | D30: Delete: answered yes/no | E30: N | F30: Y | G30: N | H30: N
A31: Form | B31: has the adverse effect and preventive measures question been answered? | D31: Delete: answered yes/no | E31: N | F31: Y | G31: N | H31: N
A32: Form | B32: has the closure question been answered? | D32: Delete: answered yes/no | E32: N | F32: Y | G32: N | H32: N
A33: Form | B33: has the land condition survey question been answered? | D33: Delete: answered yes/no | E33: N | F33: Y | G33: N | H33: N
A34: Form | B34: has the inert mining waste facility question been answered? | D34: Delete: answered yes/no | E34: N | F34: Y | G34: N | H34: N
A35: Form | B35: has the number of inert mining waste facilities been given? | E35: N | F35: Y | G35: N | H35: N
A36: Form | B36: has the sector category been given? | D36: Delete: answered construction/industrial/energy/other | E36: N | F36: Y | G36: N | H36: N
A37: Form | B37: Confirm that you are able to meet the standard rules criteria Have they confirmed they will meet the SRP? | E37: N | F37: Y | G37: Y | H37: Y
A38: Form | B38: Do you want to consolidate (combine) a number of permits as part of this proposed change? Has the question been answered? | D38: Delete: answered yes/no | E38: N | F38: Y | G38: Y | H38: Y
A39: Form | B39: Tell us which permits you want to consolidate Have the permit numbers been given? | E39: N | F39: Y | G39: Y | H39: Y
A40: Form | B40: Tell us who we can talk to about your application has the application contact details been provided? | E40: N | F40: Y | G40: Y | H40: Y
A41: Form | B41: Give us details of the person we can talk to about your operation has the operation contact details been provided? | E41: N | F41: Y | G41: Y | H41: Y
A42: Form | B42: Tell us who we can talk to about billing has the billing contact details been provided? | E42: N | F42: Y | G42: Y | H42: Y
A43: Form | B43: Information about your ability as an operator Has the question been answered? | D43: Delete: answered adding a waste facility for the first time/varying waste/consolidating permits | E43: N | F43: Y | G43: Y | H43: Y
A44: Form | B44: Tell us about any relevant offences has the relevant offences question been answered? | D44: Delete: answered yes/no | E44: N | F44: Y | G44: Y | H44: Y
A45: Form | B45: Tell us about the person convicted of a relevant offence If answered yes, have details been given? | E45: N | F45: Y | G45: Y | H45: Y
A46: Form | B46: Do you want to tell us about other relevant people with relevant offences? has other relevant people with relevant offences question answered? | D46: Delete: answered yes/no | E46: N | F46: Y | G46: Y | H46: Y
A47: Form | B47: Tell us about other relevant offences If answered yes, have details been given? | E47: N | F47: Y | G47: Y | H47: Y
A48: Form | B48: Tell us about your technical ability Has technical ability question been answered? Do they already hold the relevant, formal qualifications? | D48: Delete: answered yes/no | E48: N | F48: Y | G48: Y | H48: Y
A49: Form | B49: Give us your technical ability evidence has technical ability evidence been provided? This will be certificates or registration documents | D49: Until WAMITAB website is updated: For SR2024No01/02/03 use MROC1/VRQ406 | E49: N | F49: Y | G49: Y | H49: Y
A50: Form | B50: Tell us about insolvency or bankruptcy has insolvency/ bankruptcy question been answered? | D50: Delete: answered yes/no | E50: N | F50: Y | G50: Y | H50: Y
A51: Form | B51: Tell us about relevant people with bankruptcy or insolvency If answered yes, have details been given? | D51: Financial provision will be required if insolvent/bankrupt, or depending on activity type. | E51: N | F51: Y | G51: Y | H51: Y
A52: Form | B52: if required, have relevant documents been provided? | E52: N | F52: Y | G52: Y | H52: Y
A53: Form | B53: Tell us about your management system has the management system to be used been selected? | D53: Delete: answered EMAS, ISO14001/BS8555/Green Dragon/own | E53: N | F53: Y | G53: Y | H53: Y
A54: Form | B54: have they confirmed the management system will meet the guidance | E54: N | F54: Y | G54: Y | H54: Y
A55: Form | B55: How we collect your personal data have they confirmed they understand how we will use data? | E55: Y | F55: Y | G55: Y | H55: Y
A56: Form | B56: Freedom of Information have they confirmed they understand the Freedom of Information Act information? | E56: Y | F56: Y | G56: Y | H56: Y
A57: Form | B57: National security Has the national security question been answered? | D57: Delete: answered yes/no | E57: Y | F57: Y | G57: Y | H57: Y
A58: Form | B58: Upload the national security letter you sent to Welsh Ministers If answered yes, has the letter been provided? | E58: Y | F58: Y | G58: Y | H58: Y
A59: Form | B59: Do you want to make a confidentiality claim? Do they want to make a confidentiality claim? | D59: Delete: answered yes/no | E59: Y | F59: Y | G59: Y | H59: Y
A60: Form | B60: Give reasons for your confidentiality claim If answered yes, has evidence been provided? | D60: Note: Confidentiality claim carries an assessment fee. See Determination guide waste annex for process | E60: Y | F60: Y | G60: Y | H60: Y
A61: Form | B61: Tell us if you are signing on behalf of a relevant person Are they signing on behalf of a relevant person? | D61: Delete: answered yes/no | E61: Y | F61: Y | G61: Y | H61: Y
A62: Form | B62: Upload confirmation from a relevant person If answered yes, has evidence been provided? | E62: Y | F62: Y | G62: Y | H62: Y
A63: Form | B63: Confirm that you are able to meet the standard rules criteria Have they confirmed they will meet the SRP? | E63: Y | F63: Y | G63: Y | H63: Y
A64: Form | B64: If your application includes ecological survey information Have they confirmed that ecological survey information can be used? | E64: Y | F64: Y | G64: Y | H64: Y
A65: Form | B65: Sign the declaration Has the declaration been signed? | E65: Y | F65: Y | G65: Y | H65: Y
A66: Info | B66: Has the declaration been signed by a relevant person? | E66: Y | F66: Y | G66: Y | H66: Y
A67: Info | B67: Is the declaration correct? | D67: Check against relevant people for a company or LLP. Declaration wording on form or Wording for additional declarations must be completed | E67: Y | F67: Y | G67: Y | H67: Y
A68: Form | B68: Upload any additional declarations Have any additional declarations been uploaded? | E68: Y | F68: Y | G68: Y | H68: Y
A69: Form | B69: If answered yes, has additional declarations been provided? | E69: Y | F69: Y | G69: Y | H69: Y
A70: Info | B70: Has these declaration(s) been signed by a relevant person? | E70: Y | F70: Y | G70: Y | H70: Y
A71: Info | B71: Are these declaration(s) correct? | D71: Check against relevant people for a company or LLP. Declaration wording on form or Wording for additional declarations must be completed | E71: Y | F71: Y | G71: Y | H71: Y
A72: Form | B72: Tell us how you will pay us Has payment method been given? | D72: Delete: answered Bank transfer/phone/cheque | E72: Y | F72: Y | G72: Y | H72: Y
A73: Form | B73: Create a payment reference Has payment reference been given? If paid by cheque, has a cheque number been given? | E73: Y | F73: Y | G73: Y | H73: Y
A74: Form | B74: Enter the total payment Has the payment amount and fee breakdown been given? | E74: Y | F74: Y | G74: Y | H74: Y
A75: Info | B75: Is the payment on MyNRW | E75: Y | F75: Y | G75: Y | H75: Y
A76: Info | B76: Is the fee correct? | E76: Y | F76: Y | G76: Y | H76: Y
A77: Form | B77: Is there anything else you want to tell us? Has any other documents been uploaded? | E77: Y | F77: Y | G77: Y | H77: Y
B78: Percentage of form incomplete | C78: =(100*(COUNTIF(C3:C77,"No"))/((COUNTIF(C3:C77,"Yes"))+(COUNTIF(C3:C77,"No")))) -> #DIV/0! | D78: Where over 25% of responses are no, the form is regarded as incomplete | E78: Y | F78: Y | G78: Y | H78: Y

Sheet SRP location
A1: Location criteria checks- New SRP and Variation SRP only
B2: Answer: • Yes - if the criteria applies and the site is within the relevant distance, • No – if the criteria applies but the site is not within relevant distance, • N/A – if the criteria isn’t relevant to the rule set(s) you’re determining. | D2: Only check those designations relevant to the rule set(s) applied for. Check whether the permit area is within relevant distance to all relevant criteria. Use the MyMap report and carry out all required manual checks too, for things the report doesn’t pick up. If there are any other criteria relevant to the rule set you’re dealing with that aren’t included in the table below, add them in the blank columns.
A3: Qu # | B3: Action | C3: Yes/No/NA | D3: Comments/ Document Ref. if given | G3: Yes
A4: 1 | B4: Special Areas of Conservation (SAC) | G4: No
A5: 2 | B5: Special Protection Area (SPA) | G5: N/A
A6: 3 | B6: Ramsar
A7: 4 | B7: Site of Special Scientific Interest (SSSI)
A8: 5 | B8: Protected species
A9: 6 | B9: Protected Habitats
A10: 7 | B10: Marine Protected Area (MPA)
A11: 8 | B11: National Nature Reserve (NNR)
A12: 9 | B12: Local Nature Reserve (LNR)
A13: 10 | B13: Local Wildlife Site (LWS)
A14: 11 | B14: Ancient Woodland
A15: 12 | B15: World Heritage Site
A16: 13 | B16: National Park
A17: 14 | B17: Area of Outstanding Natural Beauty (Aon)
... A20: 17 | B20: Shellfish or bathing water
A21: 18 | B21: Biodiversity Action Plan (BAP) Species | D21: In Wales BAP is replaced with Section 7 of the Environment Wales Act - species and habs listed. This information can be found on the Geospatial Map Viewer. Lists of S7 species/habitats: https://www.biodiversitywales.org.uk/Section-7
A22: 19 | B22: Proximity to Newts/ breeding ground
A23: 20 | B23: Human occupation
A24: 21 | B24: Flood plain
A25: 22 | B25: Well used for drinking water
A26: 23 | B26: Spring used for drinking water
A27: 24 | B27: Borehole used for drinking water
A28: 25 | B28: Water course
A29: 26 | B29: Groundwater Source Protection Zone 1
A30: 27 | B30: Groundwater Source Protection Zone 2
A31: 28 | B31: Well used for domestic/ food production
A32: 29 | B32: Spring used for domestic/ food production
A33: 30 | B33: Borehole used for domestic/ food production
... A35: 32 | B35: Building

Sheet New Besp
A1: New Bespoke
A2: Qu | B2: Action | C2: Yes/No/NA | D2: Comments | F2: Yes
A3: Form | B3: Tell us what type of applicant you are has the type of applicant question answered? | D3: Delete: individual/organisation of individuals (e.g. partnership)/public body/company or corporate body | F3: No
A4: Form | B4: Tell us your details if you are applying as an individual If an individual, has the individual information provided? | F4: N/A
A5: Form | B5: Tell us your details if you're an organisation of individuals (partnerships) If an organisation of individuals has the organisations details been provided?
A6: Form | B6: Tell us about any partners If an organisation of individuals has partner 1-10 details been provided?
A7: Form | B7: Tell us about your application as a public body If a public body, has the public body name been given?
A8: Form | B8: has executive officer's details been given?
A9: Form | B9: Tell us about your application as a registered company or other corporate body has the registered with Companies House question answered? | D9: Delete: answered yes/no
A10: Form | B10: Tell us about your application as a registered company or other corporate body If answered Yes: has the company details been given?
A11: Info | B11: Registered companies only; Is it registered and active on Companies House? | D11: Date checked:
A12: Info | B12: Is the applicant a legal person as per definition of ‘operator’?
A13: Form | B13: Give us evidence that you are a legal body that we can issue a permit to If answered No (i.e. they are not on UK companies house): has the legal body details been provided?
A14: Form | B14: has the evidence that you are a legal body been provided?
A15: Form | B15: Tell us who we can talk to about your application has the application contact details been provided?
A16: Form | B16: Give us details of the person we can talk to about your operation has the operation contact details been provided?
A17: Form | B17: Tell us who we can talk to about billing has the billing contact details been provided?
A18: Form | B18: Tell us about the site's landowner has the landowner question been answered? | D18: Delete: answered yes/no Not for mobile plant
A19: Form | B19: Landowner's details Has the landowner's details been provided? | D19: If the landowner details have not been correctly provided, we can ask for them, but it is not a reason to not duly make an application. Not for mobile plant
A20: Info | B20: Has landowner letter been sent as per process? | D20: Letter template
A21: Form | B21: Tell us about any pre-application advice we've given you has a pre-application reference been provided? | D21: n/a if no pre-app has been detailed by the applicant
A22: Info | B22: Pre-application record found in DMS? | D22: Check DMS even if applicant has not provided info about pre-application- including CAR forms. n/a if none present, as above.
A23: Form | B23: Tell us if you are applying for a bespoke mobile plant permit has the mobile plant question been answered? | D23: Delete: answered yes/no
A24: Form | B24: Tell us about the site have the site details been given including site name, address and 12 digit NGR? | D24: Not for mobile plant
A25: Form | B25: Upload your site plan Has a site plan been uploaded? | D25: not for mobile plant check where the activity is required to happen i.e. inside a building or not vs what is included in the site boundary to see if permit can be complied with/site boundary is suitable
A26: Info | B26: Does it meet the guidance? | D26: Not for mobile plant
A27: Form | B27: Give us a site condition report Has a SCR been uploaded? | D27: Not for mobile plant
A28: Form | B28: Give us a non-technical summary of your application Has a NTS been uploaded?
A29: Form | B29: Tell us about the activities you want to do For each waste activity has the name, description, D/R codes, and hazardous/non-hazardous treatment capacities been given?
A30: Form | B30: Tell us about the total storage capacity Have the total storage capacities of hazardous/non-hazardous and total annual throughput been given?
A31: Form | B31: Tell us about the type of waste you will accept on site Has a waste code document been uploaded? | D31: 99 codes should be queried. Please note that you can include a caveat on the waste code if you want to limit the waste that can be accepted.
A32: Form | B32: Do you plan to treat batteries? Has the question been answered? | D32: Delete: answered yes/no
A33: Form | B33: Tell us about your plan for treating batteries If answered yes, has a document been uploaded?
A34: Form | B34: Have you applied to deposit waste for recovery? Has the question been answered? | D34: Delete: answered yes/no | E34: See DfR Tab
A35: Form | B35: Tell us about your waste recovery plan Has the question re having already assessed the plan been answered? | D35: Delete: answered yes-no changes/yes-changes/no
A36: Form | B36: Give us your waste recovery plan has the WRP been uploaded?
A37: Form | B37: Give us an environmental risk assessment Has a Risk Assessment been provided? | D37: Must include receptors identified during screening | E37: See Risk assessment Tab
A38: Form | B38: Do you need to tell us about point source emissions to air? Has the question been answered? | D38: Delete: answered yes/no
A39: Form | B39: Point source emissions to air If yes, has information on the Emission point reference and location, Source, Parameter, Amount, and Unit been given for each emission point? | D39: Is the site within an area designated within the Clean Air Plan for Wales?
A40: Form | B40: Do you need to tell us about point source emissions to water (not sewers)? Has the question been answered? | D40: Delete: answered yes/no
A41: Form | B41: Point source emissions to water (not sewers) If yes, has information on the Emission point reference and location, Source, Parameter, Amount, and Unit been given for each emission point? | D41: Note: Water Framework Directive assessment of process effluent or discharge to water assessment may be required. These both carry a fee. See Determination guide waste annex for process
A42: Form | B42: Do you need to tell us about point source emissions to sewers, effluent treatment plants or other transfers off-site? Has the question been answered? | D42: Delete: answered yes/no
A43: Form | B43: Point source emissions to sewers, effluent treatment plants or other transfers off-site If yes, has information on the Emission point reference and location, Source, Parameter, Amount, and Unit been given for each emission point? | D43: Note: Water Framework Directive assessment of process effluent or discharge to water assessment may be required. These both carry a fee. See Determination guide waste annex for process
A44: Form | B44: Do you need to tell us about point source emissions to land? Has the question been answered? | D44: Delete: answered yes/no
A45: Form | B45: Point source emissions to land If yes, has information on the Emission point reference and location, Source, Parameter, Amount, and Unit been given for each emission point?
A46: Form | B46: Give us a site plan that shows emission points has an emission point site plan been uploaded?
A47: Form | B47: Tell us about your technical or other relevant standard Have technical/relevant standards been listed?
A48: Form | B48: Did the technical guidance note or H1 assessment shown that emission of substances not controlled by emission limits are an important issue? Has the question been answered? | D48: Delete: answered yes/no
A49: Form | B49: Upload your plan for managing emissions of substances not controlled by emission limits (fugitive emissions) If yes, has the management plan been uploaded? | E49: See Dust Tab
A50: Form | B50: If you think that fugitive emissions are unlikely to be a problem If no, has explanation been given?
A51: Info | B51: Fugitive emissions: If the site falls within the scope of the following Environment Agency's Control and monitor emissions for your environmental permit guidance (dust section), has a DEMP been provided? | D51: If yes, a DEMP is required, and the dust tab should be completed. If no, a DEMP is not required and you do not need to complete the dust tab, and the answer should be marked as "n/a".
A52: Form | B52: Did the technical guidance note or H1 assessment show that odours are an important issue? Has the question been answered? | D52: Delete: answered yes/no | E52: See Odour Tab
A53: Form | B53: Upload your odour management plan If yes, has the management plan been uploaded?
A54: Form | B54: If you think that odour is unlikely to be a problem If no, has explanation been given?
A55: Info | B55: Odour: a) If the site is undertaking an activity for 'which odour is a key issue' as outlined in 'how to comply with your environmental permit' guidance, has an OMP been provided? | D55: If yes, an OMP is required, and the odour tab should be completed. If no, an OMP is not required and you do not need to complete the odour tab, and the answer should be marked as "n/a".
A56: Info | B56: Odour: b) If the site's risk assessment has highlighted there is a risk of odour from this activity, has an OMP been provided? | D56: If yes, an OMP is required, and the odour tab should be completed. If no, an OMP is not required and you do not need to complete the odour tab, and the answer should be marked as "n/a".
A57: Form | B57: Did your technical guidance note or H1 assessment show that noise or vibration are important issues? Has the question been answered? | D57: Delete: answered yes/no | E57: See Noise Tab
A58: Form | B58: Upload your noise impact assessment and/or vibration management plan If yes, has the impact assessment and/or management plan been uploaded?
A59: Form | B59: If you think that noise is unlikely to be a problem If no, has explanation been given?
A60: Info | B60: Noise: If a Noise Impact Assessment is required, has it been provided? | D60: Use the qualitative noise screening tool to help guide your decision. If yes, a NIA is required, and the noise tab should be completed. If no, a NIA is not required and you do not need to complete the noise tab, and the answer should be marked as "n/a".
A61: Info | B61: Noise: If an adverse impact or significant adverse impact is concluded by the NIA, has a Noise Management Plan been provided?
A62: Form | B62: Did our fire prevention guidance or your H1 assessment show that fire risk is an important issue? Has the question been answered? | D62: Delete: answered yes/no | E62: See FPMP Tab
A63: Form | B63: Upload your fire prevention and mitigation plan If yes, has the management plan been uploaded?
A64: Form | B64: If you think that fire is unlikely to be a problem If no, has explanation been given?
A65: Info | B65: Fire: Is this a new bespoke permit application, that includes the acceptance and storage of combustible waste? | D65: Yes - FPMP is required and the FPMP tab must be completed. No - you do not need to complete the FPMP tab
A66: Info | B66: Pests (not a application question) If a dedicated pests management plan required, has it been provided? This will depend on the types of wastes accepted, treatment types etc | D66: If yes, a PMP is required, complete the pests tab. If no, a PMP is not required and you do not need to complete the pests tab, and the answer should be marked as "n/a". | E66: See Pests Tab
A67: Form | B67: Tell us about your emissions monitoring measures Has a document on measures used to monitor emissions uploaded?
A68: Form | B68: Has an assessment of the sampling locations used to measure point source emissions to air been uploaded?
A69: Form | B69: Give information for clinical waste Has the question been answered? | D69: Delete: answered yes/no
A70: Form | B70: Questions for the clinical waste sector Has the pre-acceptance question been answered?
A71: Form | B71: If answered Yes, has the document reference been given? If answered No, has document been uploaded?
A72: Form | B72: Has the waste acceptance question been answered?
A73: Form | B73: If answered Yes, has the document reference been given? If answered No, has document been uploaded?
A74: Form | B74: Has the waste storage, handling etc. question been answered?
A75: Form | B75: If answered Yes, has the document reference been given? If answered No, has document been uploaded?
A76: Form | B76: Has the monitoring procedures question been answered?
A77: Form | B77: If answered Yes, has the document reference been given? If answered No, has document been uploaded?
A78: Form | B78: Has the additional waste question/other permitted activity document been uploaded?
A79: Form | B79: Has the treatment activities document been uploaded?
A80: Form | B80: Have the layout plans been uploaded?
A81: Form | B81: Does your activity involve hazardous waste recovery and disposal? Has the question been answered? | D81: Delete: answered yes/no
A82: Form | B82: Questions for the hazardous waste recovery and disposal sector Has the pre-acceptance question been answered?
A83: Form | B83: If answered Yes, has the document reference been given? If answered No, has justification been given, or document uploaded?
A84: Form | B84: Has the waste acceptance question been answered?
A85: Form | B85: If answered Yes, has the document reference been given? If answered No, has justification been given, or document uploaded?
A86: Form | B86: Has the waste storage procedures and infrastructure question been answered?
A87: Form | B87: If answered Yes, has the document reference been given? If answered No, has justification been given, or document uploaded?
A88: Form | B88: Has the layout plan been uploaded?
A89: Form | B89: Has the summary of the treatment activities been uploaded?
A90: Form | B90: Have the treatment layout plan and flow diagram been uploaded?
A91: Form | B91: Does your activity involve recovery to land for agricultural benefit of compost like outputs from treatment of municipal mixed wastes? Has the question been answered? | D91: Delete: answered yes/no
A92: Form | B92: Questions for the recovery to land for agricultural benefit of compost like outputs from the treatment of mixed municipal solid wastes Has the characterisation document been uploaded?
A93: Form | B93: Has the agricultural benefit assessment been uploaded?
A94: Form | B94: Has the soil and food chain receptors risk assessment been uploaded?
A95: Form | B95: Has the technical standards and measures question been answered?
A96: Form | B96: If answered No, has justification been given, or document uploaded?
A97: Form | B97: Does your activity involve inert landfill? Has the question been answered? | D97: Delete: answered yes/no
A98: Form | B98: Questions for inert landfills Has the ESID report been uploaded?
A99: Form | B99: If a hydrogeological risk assessment has been completed, has it been uploaded?
A100: Form | B100: Has the stability risk assessment been uploaded?
...

Sheet Var Besp
A1: Variation of a bespoke
A2: Qu | B2: Action | C2: Yes/No/NA | D2: Comments | E2: Admin | F2: MT/Normal | I2: Yes
A3: Form | B3: Tell us which permit(s) you want to change Has the permit number been given? | E3: Y | F3: Y | I3: No
A4: Form | B4: Tell us about any pre-application advice we've given you has a pre-application reference been provided? | D4: n/a if no pre-app has been detailed by the applicant | E4: Y | F4: Y | I4: N/A
A5: Info | B5: Pre-application record found in DMS? | D5: Check DMS even if applicant has not provided info about pre-application- including CAR forms. n/a if none present, as above. | E5: Y | F5: Y
A6: Form | B6: Do you want to make an administrative change? Has the question been answered? | D6: Delete: answered yes/no If company name is changing, also check if the site name needs to change too | E6: Y | F6: Y
A7: Form | B7: What type of permit holder are you? has the type of permit holder question answered? | D7: Delete: individual/organisation of individuals (e.g. partnership)/public body/company or corporate body | E7: Y | F7: N
A8: Form | B8: Tell us your up to date details as an individual with a permit If an individual, has the individual information provided? | E8: Y | F8: N
A9: Form | B9: Has explanation been given? | E9: Y | F9: N
A10: Form | B10: Tell us about changes to details of your organisation of individuals (e.g. partnerships) If a partnership, have details of what's changing been given? | E10: Y | F10: N
A11: Form | B11: Tell us about administrative changes to your public body If a public body, has the public body name been given? | E11: Y | F11: N
A12: Form | B12: Have details of what's changing been given? | E12: Y | F12: N
A13: Form | B13: Tell us about administrative changes to your company If a company, have details of what's changing been given? | E13: Y | F13: N
A14: Info | B14: Registered companies only; Is it registered and active on Companies House? | D14: Date checked: | E14: Y | F14: N
A15: Info | B15: Registered companies only; does the registered office address match the permit? | E15: Y | F15: N
A16: Form | B16: Tell us who we can talk to about this administrative change Have contact details been given? | E16: Y | F16: N
A17: Form | B17: Do want to make more changes to your permit? Has the question been answered? | D17: Delete: answered yes/no | E17: Y | F17: Y
A18: Form | B18: Do you want to make a minor technical or normal change to your permit? Has the question been answered? | D18: Delete: answered normal/minor technical | E18: N | F18: Y
A19: Form | B19: Give a summary of your application Has a summary been given? | E19: N | F19: Y
A20: Form | B20: Do you want to apply to consolidate permits? Has the question been answered? | D20: Delete: answered yes/no | E20: N | F20: Y
A21: Form | B21: Identify all the permits you want to consolidate If yes, have permit numbers been given? | E21: N | F21: Y
A22: Form | B22: Do want to make more changes to your permit? Has the question been answered? | D22: Delete: answered yes/no | E22: N | F22: Y
A23: Form | B23: Do you want to add land to your permit or provide an updated site plan? Has the question been answered? | D23: Delete: answered yes/no | E23: N | F23: Y
A24: Form | B24: Upload a site condition report and site plans for the extra land Has a SCR and site plan(s) been uploaded? | E24: N | F24: Y
A25: Form | B25: Are you planning to treat batteries? Has the question been answered? | D25: Delete: answered yes/no | E25: N | F25: Y
A26: Form | B26: Tell us how you will treat batteries If yes, has document been uploaded? | E26: N | F26: Y
A27: Form | B27: Tell us about the waste activity you are applying to add or change For each waste activity has the name, description, D/R codes, and hazardous/non-hazardous treatment capacities been given? | E27: N | F27: Y
A28: Form | B28: Tell us about the total storage capacity and annual throughput Have the total storage capacities of hazardous/non-hazardous and total annual throughput been given? | E28: N | F28: Y
A29: Form | B29: Do you want to accept new types of waste on site? Has the question been answered? | D29: Delete: answered yes/no | E29: N | F29: Y
A30: Form | B30: Tell us about new types of waste you will accept on site If yes, has a waste code document been uploaded? | D30: 99 codes should be queried. Please note that you can include a caveat on the waste code if you want to limit the waste that can be accepted. | E30: N | F30: Y
A31: Form | B31: Have you applied to deposit waste for recovery? Has the question been answered? | D31: Delete: answered yes/no | E31: N | F31: Y | G31: See DfR tab
A32: Form | B32: Tell us about your waste recovery plan Has the question re having already assessed the plan been answered? | D32: Delete: answered yes-no changes/yes-changes/no | E32: N | F32: Y
A33: Form | B33: Give us your waste recovery plan has the WRP been uploaded? | E33: N | F33: Y
A34: Form | B34: Tell us about changes you have made to your waste recovery plan Has a summary be given? | E34: N | F34: Y
A35: Form | B35: Give an assessment of the risks each of your proposed activities cause to the environment Has a risk assessment been uploaded? | D35: Must include receptors identified during screening | E35: N | F35: Y
A36: Form | B36: Do you need to tell us about point source emissions to air? Has the question been answered? | D36: Delete: answered yes/no | E36: N | F36: Y
A37: Form | B37: Point source emissions to air If yes, has information on the Emission point reference and location, Source, Parameter, Amount, and Unit been given for each emission point? | D37: Is the site within an area designated within the Clean Air Plan for Wales? | E37: N | F37: Y
A38: Form | B38: Have the measures used to monitor emissions been given? | E38: N | F38: Y
A39: Form | B39: Has an assessment of sampling locations been given? | E39: N | F39: Y
A40: Form | B40: Do you need to tell us about point source emissions to water (not sewers)? Has the question been answered? | D40: Delete: answered yes/no | E40: N | F40: Y
A41: Form | B41: Point source emissions to water (not sewers) If yes, has information on the Emission point reference and location, Source, Parameter, Amount, and Unit been given for each emission point? | D41: Note: Water Framework Directive assessment of process effluent or discharge to water assessment may be required. These both carry a fee. See Determination guide waste annex for process | E41: N | F41: Y
A42: Form | B42: Have the measures used to monitor emissions been given? | E42: N | F42: Y
A43: Form | B43: Do you need to tell us about point source emissions to sewers, effluent treatment plants or other transfers off-site? Has the question been answered? | D43: Delete: answered yes/no | E43: N | F43: Y
A44: Form | B44: Point source emissions to sewers, effluent treatment plants or other transfers off-site If yes, has information on the Emission point reference and location, Source, Parameter, Amount, and Unit been given for each emission point? | D44: Note: Water Framework Directive assessment of process effluent or discharge to water assessment may be required. These both carry a fee. See Determination guide waste annex for process | E44: N | F44: Y
A45: Form | B45: Have the measures used to monitor emissions been given? | E45: N | F45: Y
A46: Form | B46: Do you need to tell us about point source emissions to land? Has the question been answered? | D46: Delete: answered yes/no | E46: N | F46: Y
A47: Form | B47: Point source emissions to land If yes, has information on the Emission point reference and location, Source, Parameter, Amount, and Unit been given for each emission point? | E47: N | F47: Y
A48: Form | B48: Have the measures used to monitor emissions been given? | E48: N | F48: Y
A49: Form | B49: Give us a site plan that shows emission points has an emission point site plan been uploaded? | E49: N | F49: Y
A50: Form | B50: Tell us about your technical or other relevant standard Have technical/relevant standards been listed? | E50: N | F50: Y
A51: Form | B51: Did the technical guidance note or H1 assessment shown that emission of substances not controlled by emission limits are an important issue? Has the question been answered? | D51: Delete: answered yes/no | E51: N | F51: Y | G51: See Dust Tab
A52: Form | B52: Upload your plan for managing emissions of substances not controlled by emission limits (fugitive emissions) If yes, has the management plan been uploaded? | E52: N | F52: Y
A53: Info | B53: Fugitive emissions: If the site falls within the scope of the following Environment Agency's Control and monitor emissions for your environmental permit guidance (dust section), has a DEMP been provided? | D53: If yes, a DEMP is required, and the dust tab should be completed. If no, a DEMP is not required and you do not need to complete the dust tab, and the answer should be marked as "n/a". | E53: N | F53: Y
A54: Form | B54: Did the technical guidance note or H1 assessment show that odours are an important issue? Has the question been answered? | D54: Delete: answered yes/no | E54: N | F54: Y | G54: See Odour Tab
A55: Form | B55: Upload your odour management plan If yes, has the management plan been uploaded? | E55: N | F55: Y
A56: Info | B56: Odour: a) If the site is undertaking an activity for 'which odour is a key issue' as outlined in 'how to comply with your environmental permit' guidance, has an OMP been provided? | D56: If yes, an OMP is required, and the odour tab should be completed. If no, an OMP is not required and you do not need to complete the odour tab, and the answer should be marked as "n/a". | E56: N | F56: Y
A57: Info | B57: Odour: b) If the site's risk assessment has highlighted there is a risk of odour from this activity, has an OMP been provided? | D57: If yes, an OMP is required, and the odour tab should be completed. If no, an OMP is not required and you do not need to complete the odour tab, and the answer should be marked as "n/a". | E57: N | F57: Y
A58: Info | B58: Odour: c) If variation, and operations have indicated that there is an issue with odour from the facility, has an OMP been provided? | D58: If yes, an OMP is required, and the odour tab should be completed. If no, an OMP is not required and you do not need to complete the odour tab, and the answer should be marked as "n/a". | E58: N | F58: Y
A59: Form | B59: Did your technical guidance note or H1 assessment show that noise or vibration are important issues? Has the question been answered? | D59: Delete: answered yes/no | E59: N | F59: Y | G59: See Noise Tab
A60: Form | B60: Upload your noise impact assessment and/or vibration management plan If yes, has the impact assessment and/or management plan been uploaded? | E60: N | F60: Y
A61: Info | B61: Noise: If a Noise Impact Assessment is required, has it been provided? | D61: Use the qualitative noise screening tool to help guide your decision. If yes, a NIA is required, and the noise tab should be completed. If no, a NIA is not required and you do not need to complete the noise tab, and the answer should be marked as "n/a". NIA and NMP is required if the variation application increases the risk of noise, e.g.: - additional noisy plant - increasing activities outside - operating at night | E61: N | F61: Y
A62: Info | B62: Noise: If an adverse impact or significant adverse impact is concluded by the NIA, has a Noise Management Plan been provided? | E62: N | F62: Y
A63: Form | B63: Did our fire prevention guidance or your H1 assessment show that fire risk is an important issue? Has the question been answered? | D63: Delete: answered yes/no | E63: N | F63: Y | G63: See FPMP Tab
A64: Form | B64: Upload your fire prevention and mitigation plan If yes, has the management plan been uploaded? | E64: N | F64: Y
A65: Info | B65: Fire: If this is a variation to add a new combustible material, has an FPMP been provided? | D65: Yes - FPMP is required and the FPMP tab must be completed. No - mark as N/A | E65: N | F65: Y
A66: Info | B66: Fire: If this is a variation to add a new activity, has an FPMP been provided? | D66: Yes - FPMP is required and the FPMP tab must be completed. No - mark as N/A | E66: N | F66: Y
A67: Info | B67: Fire: If this is a variation to increase the amount of waste stored at any one time, has an FPMP been provided? | D67: Yes - FPMP is required and the FPMP tab must be completed. No - mark as N/A | E67: N | F67: Y
A68: Info | B68: Fire: If this is a variation to increase the annual throughput only, has the required statement been provided? | D68: Yes - FPMP is not required. BUT applicant must provide written confirmation of the following: increase in annual throughput only, storage of combustible material referenced in the guidance will not increase from current levels and the measures used to manage current storage levels (at any one time limits) meet the standards in the guidance. IMPORTANT: All sections in FPMPs for variations will not necessarily need to be assessed as part of determination. We need the FPMP to include details on existing combustible waste types, site layout, separation distances etc. so that we can assess the new combustible materials/ activities in relation to these. However, we can’t ask for information on existing activities/wastes that are already permitted (i.e. amount of waste accepted, stack sizes, turning, water supplies for existing stacks). Technically under a variation we can only ask for information/ assess information that we need in order to make a decision on the what the operator is applying to change in their permit. You need to keep this in mind when completing this checklist. If in doubt, speak to your mentor. | E68: N | F68: Y
A69: Info | B69: Pests (not an application question) If a dedicated pests management plan required, has it been provided? This will depend on the types of wastes accepted, treatment types etc | D69: If yes, a PMP is required, complete the pests tab. If no, a PMP is not required and you do not need to complete the pests tab, and the answer should be marked as "n/a". | E69: N | F69: Y | G69: See Pests Tab
A70: Form | B70: Give information for clinical waste Has the question been answered? | D70: Delete: answered yes/no | E70: N | F70: Y
A71: Form | B71: Questions for the clinical waste sector Has the pre-acceptance question been answered? | E71: N | F71: Y
A72: Form | B72: If answered Yes, has the document reference been given? If answered No, has document been uploaded? | E72: N | F72: Y
A73: Form | B73: Has the waste acceptance question been answered? | E73: N | F73: Y
A74: Form | B74: If answered Yes, has the document reference been given? If answered No, has document been uploaded? | E74: N | F74: Y
A75: Form | B75: Has the waste storage, handling etc. question been answered? | E75: N | F75: Y
A76: Form | B76: If answered Yes, has the document reference been given? If answered No, has document been uploaded? | E76: N | F76: Y
A77: Form | B77: Has the monitoring procedures question been answered? | E77: N | F77: Y
A78: Form | B78: If answered Yes, has the document reference been given? If answered No, has document been uploaded? | E78: N | F78: Y
A79: Form | B79: Has the additional waste question/other permitted activity question been answered? | E79: N | F79: Y
A80: Form | B80: If yes, has justification been given? | E80: N | F80: Y
A81: Form | B81: Has the treatment activities summary been given? | E81: N | F81: Y
A82: Form | B82: Have the layout plans and process flows been uploaded? | E82: N | F82: Y
A83: Form | B83: Does your activity involve hazardous waste recovery and disposal? Has the question been answered? | D83: Delete: answered yes/no | E83: N | F83: Y
A84: Form | B84: Questions for the hazardous waste recovery and disposal sector Has the pre-acceptance question been answered? | E84: N | F84: Y
A85: Form | B85: If answered Yes, has the document reference been given? If answered No, has justification been given, or document uploaded? | E85: N | F85: Y
A86: Form | B86: Has the waste acceptance question been answered? | E86: N | F86: Y
A87: Form | B87: If answered Yes, has the document reference been given? If answered No, has justification been given, or document uploaded? | E87: N | F87: Y
A88: Form | B88: Has the waste storage procedures and infrastructure question been answered? | E88: N | F88: Y
A89: Form | B89: If answered Yes, has the document reference been given? If answered No, has justification been given, or document uploaded? | E89: N | F89: Y
A90: Form | B90: Has the layout plan been uploaded? | E90: N | F90: Y
A91: Form | B91: Has the summary of the treatment activities been uploaded? | E91: N | F91: Y
A92: Form | B92: Have the treatment layout plan and flow diagram been uploaded? | E92: N | F92: Y
A93: Form | B93: Does your activity involve recovery to land for agricultural benefit of compost like outputs from treatment of municipal mixed wastes? Has the question been answered? | D93: Delete: answered yes/no | E93: N | F93: Y
A94: Form | B94: Questions for the recovery to land for agricultural benefit of compost like outputs from the treatment of mixed municipal solid wastes Has the characterisation document been uploaded? | E94: N | F94: Y
A95: Form | B95: Has the agricultural benefit assessment been uploaded? | E95: N | F95: Y
A96: Form | B96: Has the soil and food chain receptors risk assessment been uploaded? | E96: N | F96: Y
A97: Form | B97: Has the technical standards and measures question been answered? | D97: Delete: answered yes/no | E97: N | F97: Y
A98: Form | B98: If answered No, has justification been given, or document uploaded? | E98: N | F98: Y
A99: Form | B99: Does your activity involve inert landfill? Has the question been answered? | D99: Delete: answered yes/no | E99: N | F99: Y
A100: Form | B100: Questions for inert landfills Has the ESID report been uploaded? | E100: N | F100: Y
...

Sheet Transfer
A1: Transfer
A2: Qu | B2: Action | C2: Yes/No/NA | D2: Comments | E2: Full | F2: Part | H2: Yes
A3: Form | B3: Tell us what type of applicant you are has the type of applicant question answered? | D3: select: individual organisation of individuals (e.g. partnership) public body company or other corporate body | E3: Y | F3: Y | H3: No
A4: Form | B4: Tell us your details if you are applying as an individual If an individual, has the individual information provided? | D4: individual only | E4: Y | F4: Y | H4: N/A
A5: Form | B5: Tell us your details if you're an organisation of individuals (partnerships) If an organisation of individuals has the organisations details been provided? | D5: organisation of individuals only | E5: Y | F5: Y
A6: Form | B6: Tell us about any partners If an organisation of individuals has partner 1-10 details been provided? | D6: organisation of individuals only | E6: Y | F6: Y
A7: Form | B7: Tell us about your application as a public body If a public body, has the public body name been given? | D7: public body only | E7: Y | F7: Y
A8: Form | B8: has executive officer's details been given? | D8: public body only | E8: Y | F8: Y
A9: Form | B9: Tell us about your application as a registered company or other corporate body has the registered with Companies House question been answered? | D9: company only Delete: answered yes/no | E9: Y | F9: Y
A10: Form | B10: Give us evidence that you are a legal body that we can issue a permit to If answered No (i.e. they are not on UK companies house): has the legal body details been provided? | D10: company only | E10: Y | F10: Y
A11: Form | B11: has the evidence that they are a legal body been provided? | D11: company only | E11: Y | F11: Y
A12: Form | B12: Tell us about your application as a registered company or other corporate body If answered Yes: has the company details been given? | D12: company only | E12: Y | F12: Y
A13: Info | B13: Registered companies only; Is it registered and active on Companies House? | D13: company only Date checked: Both the current permit holder, and the proposed new holders must be checked to ensure both are still active companies | E13: Y | F13: Y
A14: Info | B14: Is the applicant a legal person as per definition of ‘operator’? | E14: Y | F14: Y
A15: Form | B15: Tell us who we can talk to about your application has the application contact details been provided? | E15: Y | F15: Y
A16: Form | B16: Give us details of the person we can talk to about your operation has the operation contact details been provided? | E16: Y | F16: Y
A17: Form | B17: Tell us who we can talk to about billing has the billing contact details been provided? | E17: Y | F17: Y
A18: Form | B18: Are you applying to transfer a site or a mobile plant permit? Has question been answered? | D18: Delete: answered site/mobile plant | E18: Y | F18: Y
A19: Form | B19: Tell us about the site Has the site information been provided? | D19: skipped if mobile plant | E19: Y | F19: Y
A20: Form | B20: Tell us the number of the permit you are applying to have transferred to you Has permit number been given? | E20: Y | F20: Y
A21: Form | B21: Tell us about any pre-application advice we've given you has a pre-application reference been provided? | D21: n/a if no pre-app has been detailed by the applicant | E21: Y | F21: Y
A22: Info | B22: Pre-application record found in DMS? | D22: Check DMS even if applicant has not provided info about pre-application- including CAR forms. n/a if none present, as above. | E22: Y | F22: Y
A23: Form | B23: Tell us if you are applying to transfer all or part of the permit to yourself Has question been answered? | D23: Delete: answered all/part | E23: Y | F23: Y
A24: Form | B24: Are you transferring a part of a standard rules or bespoke permit? Has question been answered? | D24: Question only asked for a part transfer Delete: answered standard rules/bespoke | E24: N | F24: Y
A25: Form | B25: Give the name of the standard rules set or sets you want transferred to you If SRP, has rule set numbers to be transferred been given? | E25: N | F25: Y
A26: Form | B26: Tell us which parts of the bespoke waste permit you want transferred to you If bespoke, have supporting documented been uploaded?? | E26: N | F26: Y
A27: Form | B27: Provide site plans for part transfers Have site plans been uploaded? | E27: N | F27: Y
A28: Form | B28: Tell us if the parts of the permit that are not being transferred need to be changed Has the question been answered? | D28: Delete: answered yes/no | E28: N | F28: Y
A29: Form | B29: Explain why you think the permit will need to be changed (varied) Has the explanation been given? | E29: N | F29: Y | H29: form doesn't skip to EMS question after this
A30: Form | B30: Will the management structure and management system remain substantially the same after transfer? | D30: Delete: answered yes/no If anwser is "yes"- no further action is required If answer is "no" see EMS questions below The content of the document(s) uploaded will help dictate potentially the level of assessment required at determination | E30: Y | F30: Y
A31: Form | B31: Tell us about your management system has the management system to be used been selected? | D31: Delete: answered EMAS/ ISO14001/BS8555/Green Dragon/own | E31: Y | F31: Y
A32: Form | B32: have they confirmed the management system will meet the guidance? | D32: Determining officer must assess the EMS at determination stage, checking it is in line with “How to Comply” to satisfy the operator competence check. | E32: Y | F32: Y | G32: See EMS Tab
A33: Form | B33: Has the management system been uploaded? | E33: Y | F33: Y
A34: Form | B34: Tell us about any relevant offences has the relevant offences question been answered? | D34: Delete: answered yes/no | E34: Y | F34: Y
A35: Form | B35: Tell us about the person convicted of a relevant offence If answered yes, have details been given? | E35: Y | F35: Y
A36: Form | B36: Do you want to tell us about other relevant people with relevant offences? has other relevant people with relevant offences question answered? | D36: Delete: answered yes/no | E36: Y | F36: Y
A37: Form | B37: Tell us about other relevant offences If answered yes, have details been given? | E37: Y | F37: Y
A38: Form | B38: Tell us about your technical ability has technical ability evidence been provided? This will be certificates only | E38: Y | F38: Y | G38: See TCM Tab
A39: Form | B39: Tell us about insolvency or bankruptcy has insolvency/ bankruptcy question been answered? | D39: Delete: answered yes/no | E39: Y | F39: Y
A40: Form | B40: Tell us about relevant people with bankruptcy or insolvency If answered yes, have details been given? | D40: Financial provision will be required if insolvent/bankrupt, or depending on activity type. | E40: Y | F40: Y
A41: Form | B41: if required, have relevant documents been provided? | E41: Y | F41: Y
A42: Form | B42: Are you applying to transfer landfill or mining waste operations? Has question been answered? | D42: Delete: answered yes/no | E42: Y | F42: Y
A43: Form | B43: How will you plan to make financial provision? If answered yes to previous question, has option been selected? | D43: Delete: selected bonds/escrow account/trust fund/lump sump/other | E43: Y | F43: Y
A44: Form | B44: Provide a plan of your estimated expenditure on each phase of the landfill or mining waste facility Has plan been uploaded? | E44: Y | F44: Y
A45: Form | B45: Tell us the date you want the transfer to take place Has the date been given? | D45: If this date is in the past we cannot retrospectively issue a transfer. If the date is in the future- check if this is a legal or date, or just 2 months from submission | E45: Y | F45: Y
A46: Form | B46: How we collect your personal data have they confirmed they understand how we will use data? | E46: Y | F46: Y
A47: Form | B47: Freedom of Information have they confirmed they understand the Freedom of Information Act information? | E47: Y | F47: Y
A48: Form | B48: Do you want to make a confidentiality claim? Do they want to make a confidentiality claim? | D48: Delete: answered yes/no | E48: Y | F48: Y
A49: Form | B49: Give reasons for your confidentiality claim If answered yes, has evidence been provided? | D49: Note: Confidentiality claim carries an assessment fee. See Determination guide waste annex for process | E49: Y | F49: Y
A50: Form | B50: National security Has the national security question been answered? | D50: Delete: answered yes/no | E50: Y | F50: Y
A51: Form | B51: Upload the national security letter you sent to Welsh Ministers If answered yes, has the letter been provided? | E51: Y | F51: Y
A52: Form | B52: Tell us if you are signing on behalf of a relevant person Are they signing on behalf of a relevant person? | D52: Delete: answered yes/no | E52: Y | F52: Y
A53: Form | B53: Upload confirmation from a relevant person If answered yes, has evidence been provided? | E53: Y | F53: Y
A54: Form | B54: Does your application include a standard facility? Has the question been answered? | E54: Y | F54: Y
A55: Form | B55: Confirm that you are able to meet the standard rules criteria If yes; Have they confirmed they will meet the SRP? | E55: Y | F55: Y
A56: Form | B56: If your application includes ecological survey information Have they confirmed that ecological survey information can be used? | E56: Y | F56: Y
A57: Form | B57: Declaration for the proposed new permit holder Has the declaration been signed? | E57: Y | F57: Y
A58: Info | B58: Has the declaration been signed by a relevant person? | E58: Y | F58: Y
A59: Info | B59: Is the declaration correct? | D59: Check against relevant people for a company or LLP. Declaration wording on form or Wording for additional declarations must be completed | E59: Y | F59: Y
A60: Form | B60: Current permit holder's declaration Has the current permit holders declaration been uploaded? | D60: This must follow the wording in the "Wording for additional declarations" section on the Declations guidance page- https://naturalresources.wales/permits-and-permissions/waste-permitting/waste-permit-declarations/?lang=en | E60: Y | F60: Y
A61: Form | B61: Tell us how you will pay us Has payment method been given? | D61: Delete: answered Bank transfer/phone/cheque | E61: Y | F61: Y
A62: Form | B62: Create a payment reference Has payment reference been given? If paid by cheque, has a cheque number been given? | E62: Y | F62: Y
A63: Form | B63: Enter the total payment Has the payment amount and fee breakdown been given? | E63: Y | F63: Y
A64: Info | B64: Is the payment on MyNRW | E64: Y | F64: Y
A65: Info | B65: Is the fee correct? | E65: Y | F65: Y
A66: Form | B66: Is there anything else you want to tell us? Has any other documents been uploaded? Or information given? | E66: Y | F66: Y
B67: Percentage of form incomplete | C67: =(100*(COUNTIF(C3:C66,"No"))/((COUNTIF(C3:C66,"Yes"))+(COUNTIF(C3:C66,"No")))) -> #DIV/0! | D67: Where over 25% of responses are no, the form is regarded as incomplete | E67: Y | F67: Y

Sheet Surrender
A1: Surrender
A2: Qu | B2: Action | C2: Yes/No/NA | D2: Comments/ Document Ref. if given | E2: Full- Site | F2: Part- Site | G2: Mobile Plant
A3: Form | B3: Tell us what type of applicant you are has the type of applicant question been answered? | C3: Yes | D3: company or corporate body | E3: Y | F3: Y | G3: Y | I3: Yes
A4: Form | B4: Tell us your details if you are applying as an individual If an individual have the details been provided? | C4: N/A | E4: Y | F4: Y | G4: Y | I4: No
A5: Form | B5: Tell us your details if you're an organisation of individuals (partnerships) If an organisation of individuals has the organisations details been provided? | C5: N/A | E5: Y | F5: Y | G5: Y | I5: N/A
A6: Form | B6: Tell us about all of the organisation's partners (Q4-13) If an organisation of individuals has partner 1-10 details been provided? | C6: N/A | E6: Y | F6: Y | G6: Y
A7: Form | B7: Tell us about your application as a public body If a Public body; has the name been given? | C7: N/A | E7: Y | F7: Y | G7: Y
A8: Form | B8: If a Public body; has the Executive officer’s details been given? | C8: N/A | E8: Y | F8: Y | G8: Y
A9: Form | B9: Tell us about your company or corporate body registration If a company or corporate body; has the registered with Companies House question been answered? | C9: Yes | D9: answered yes | E9: Y | F9: Y | G9: Y
A10: Form | B10: Tell us about your application as a registered company or other corporate body If answered yes: have the details been provided? | C10: Yes | E10: Y | F10: Y | G10: Y
A11: Form | B11: has the date of company registration been given? | C11: Yes | E11: Y | F11: Y | G11: Y
A12: Info | B12: Registered companies only. Is it registered and active on Companies House? | C12: Yes | D12: Date checked: 21/04/26 | E12: Y | F12: Y | G12: Y
A13: Form | B13: Give us evidence you are a legal body we can issue a permit to If answered no; has the legal body details been provided? | C13: N/A | E13: Y | F13: Y | G13: Y
A14: Form | B14: has the evidence that you are a legal body been provided? | C14: N/A | E14: Y | F14: Y | G14: Y
A15: Form | B15: Tell us who we can talk to about this application has the application contact details been provided? | C15: Yes | E15: Y | F15: Y | G15: Y
A16: Form | B16: Give us details of the person we can talk to about your operation has the operation contact details been provided? | C16: Yes | E16: Y | F16: Y | G16: Y
A17: Form | B17: Tell us who we can talk to about billing has the billing contact details been provided? | C17: Yes | E17: Y | F17: Y | G17: Y
A18: Form | B18: Tell us the number of the permit you want to surrender Has the permit number been given? | C18: Yes | E18: Y | F18: Y | G18: Y
A19: Form | B19: Tell us about any pre-application advice we've given you about this application has a pre-application reference been provided? | C19: Yes | E19: Y | F19: Y | G19: Y
A20: Info | B20: Pre-application record found in DMS? | C20: Yes | E20: Y | F20: Y | G20: Y
A21: Form | B21: Are you applying to surrender a site or a mobile plant permit? has the permit type been chosen? | C21: Yes | D21: answered site | E21: Y | F21: Y | G21: Y
A22: Form | B22: Tell us about the site Has the site information been provided? | C22: Yes | E22: Y | F22: Y | G22: N
A23: Info | B23: Does the site and company address(es) match the current permit? | C23: Yes | E23: Y | F23: Y | G23: N
A24: Form | B24: Tell us what level of surrender you are applying for has the surrender type been given? | C24: Yes | D24: answered low risk | E24: Y | F24: Y | G24: N
A25: Form | B25: Give us confirmation from your compliance officer has confirmation evidence from site officer been provided? | C25: Yes | D25: evidence on DMS | E25: Y | F25: Y | G25: N
A26: Form | B26: Tell us if the situation has changed since your site compliance offer gave you confirmation has any changes made been justified? | C26: N/A | E26: Y | F26: Y | G26: N
A27: Form | B27: Tell us if you are applying to surrender all or part of the permit Have they told us if they are surrendering all or part of the permit? | C27: Yes | D27: answered all | E27: Y | F27: Y | G27: N
A28: Form | B28: Provide maps (or plans) for part surrender If Part surrender has original and new site boundary plans been provided? | E28: N | F28: Y | G28: N
A29: Form | B29: Tell us which parts of the permit you want to cancel (surrender) If Part surrender have they told us what parts of the permit are to be surrendered? | E29: N | F29: Y | G29: N
A30: Form | B30: have additional document been uploaded? | E30: N | F30: Y | G30: N
A31: Form | B31: Tell us if the parts of the permit that are not being surrendered need to be changed If Part surrender; have they told us if conditions need varying? | D31: Delete: answered yes/no | E31: N | F31: Y | G31: N
A32: Form | B32: Give us a site condition report has the surrender site condition record/baseline report been provided? | C32: Yes | E32: Y | F32: Y | G32: N
A33: Form | B33: Tell us whether any steps have been taken to avoid any pollution risk or to return the site to a satisfactory state has information on steps taken to avoid pollution/return site to satisfactory state been provided? | C33: Yes | E33: Y | F33: Y | G33: N
A34: Form | B34: Tell us if a financial provision arrangement exists for this site has the financial provision question been answered? | C34: Yes | D34: answered no | E34: Y | F34: Y | G34: N
A35: Form | B35: Tell us the date you want to surrender the permit on has the surrender date been given?? | C35: Yes | D35: 46080 | E35: Y | F35: Y | G35: Y
A36: Form | B36: How we collect your personal data have they confirmed they understand how we will use data? | C36: Yes | E36: Y | F36: Y | G36: Y
A37: Form | B37: Freedom of Information have they confirmed they understand the Freedom of Information Act information? | C37: Yes | E37: Y | F37: Y | G37: Y
A38: Form | B38: Do you want to make a confidentiality claim? Do they want to make a confidentiality claim? | C38: Yes | D38: answered no | E38: Y | F38: Y | G38: Y
A39: Form | B39: Give evidence to support your confidentiality claim If answered yes, has information been provided? | C39: N/A | E39: Y | F39: Y | G39: Y
A40: Form | B40: If answered yes, has evidence been provided? | C40: N/A | E40: Y | F40: Y | G40: Y
A41: Form | B41: National security Has the national security question been answered? | C41: Yes | D41: answered no | E41: Y | F41: Y | G41: Y
A42: Form | B42: Upload the national security letter you sent to Welsh Ministers if answered yes, has the letter been provided? | C42: N/A | E42: Y | F42: Y | G42: Y
A43: Form | B43: If your application includes ecological survey information Have they confirmed that ecological survey information can be used? | C43: N/A | E43: Y | F43: Y | G43: Y
A44: Form | B44: Tell us if you are signing on behalf of a relevant person Are they signing on behalf of a relevant person? | C44: Yes | D44: answered yes | E44: Y | F44: Y | G44: Y
A45: Form | B45: Upload confirmation from a relevant person If answered yes, has evidence been provided? | C45: Yes | E45: Y | F45: Y | G45: Y
A46: Form | B46: Sign the declaration Has the declaration been signed? | C46: Yes | E46: Y | F46: Y | G46: Y
A47: Info | B47: Has the declaration been signed by a relevant person? | C47: Yes | E47: Y | F47: Y | G47: Y
A48: Info | B48: Is the declaration correct? | C48: Yes | E48: Y | F48: Y | G48: Y
A49: Form | B49: Upload additional declarations Are there additional declarations? | C49: N/A | E49: Y | F49: Y | G49: Y
A50: Form | B50: If answered yes, has additional declarations been provided? | C50: N/A | E50: Y | F50: Y | G50: Y
A51: Info | B51: Has these declaration(s) been signed by a relevant person? | C51: N/A
A52: Info | B52: Are these declaration(s) correct? | C52: N/A
A53: Form | B53: Tell us how you will pay us Has payment method been given? | C53: Yes | D53: answered phone | E53: Y | F53: Y | G53: Y
A54: Form | B54: Create a payment reference Has payment reference been given? If paid by cheque, has a cheque number been given? | C54: Yes | E54: Y | F54: Y | G54: Y
A55: Form | B55: Enter the total payment Has the payment amount and fee breakdown been given? | C55: Yes | E55: Y | F55: Y | G55: Y
A56: Info | B56: Is the payment on MyNRW | C56: Yes | E56: Y | F56: Y | G56: Y
A57: Info | B57: Is the fee correct? | C57: Yes | E57: Y | F57: Y | G57: Y
A58: Form | B58: Is there anything else you want to tell us? Has any other documents been uploaded? | C58: Yes | E58: Y | F58: Y | G58: Y
B59: Percentage of form incomplete | C59: =(100*(COUNTIF(C3:C58,"No"))/((COUNTIF(C3:C58,"Yes"))+(COUNTIF(C3:C58,"No")))) -> 0 | D59: Where over 25% of responses are no, the form is regarded as incomplete | E59: Y | F59: Y | G59: Y
A61: Additional Checks - confirming the surrender ‘type’
A62: Q | B62: Action | C62: Yes/No/NA | D62: Notes
A63: 1 | B63: Has the operator indicated it is low risk surrender? | C63: Yes | D63: Yes: go to Q2 No: go to Q3
A64: 2 | B64: Does the evidence provided meet the definition/ requirements of low risk surrender? | C64: Yes | D64: Yes: we can accept the surrender is low risk. No further consideration needed. No: this is not low risk surrender. Consider Q3 onwards
A65: 3 | B65: Has the applicant indicated it’s a basic surrender? | C65: N/A | D65: Yes: go to Q4 No: go to Q5
A66: 4 | B66: Does the permit type and evidence provided meet the definition/ requirements of basic surrender? | C66: N/A | D66: Yes: we can accept the surrender is basic. No further consideration needed. No: this is not a basic surrender. Consider Q5 onwards
A67: 5 | B67: Has the applicant indicated it’s a ‘non-operational’ surrender? | C67: N/A | D67: Yes: go to Q6 No: go to Q7
A68: 6 | B68: Does the evidence provided meet the definition/ requirements of a ‘non-operational’ surrender? | C68: N/A | D68: Yes: we can accept the surrender is for a ‘non-operational’ site. No further consideration needed. No: the surrender is for a site that’s never operated. Consider Q7 onwards
A69: 7 | B69: Has the operator indicated it’s a ‘normal/ full’ surrender? | C69: N/A | D69: Yes: go to Q8 No: go to Q9
A70: 8 | B70: Does the surrender (based on permit type and evidence) need to be treated as a normal/ full surrender? | C70: N/A | D70: Yes: we can accept the ‘full’ surrender application. No further consideration needed. No: go to 9
A71: 9 | B71: Consider whether the operator has chosen the wrong surrender type. | C71: N/A

Sheet Fee calcs
A1: Type1 | B1: Type2 | C1: Table in charging scheme | D1: Charge code | E1: Fee relevant to your application? (Y/N then filter on Y) | F1: Amount SEE TOTAL AT THE BOTTOM WHEN FILTERED
A2: SRP | B2: New Application | C2: F10b | D2: WAA0001 | F2: 1950
A3: SRP | B3: New Application- additional activities charge (20% of the base charge) | C3: F10b | D3: WAA0001 | F3: =F2*(20/100) -> 390
A4: SRP- Mobile Plant | B4: New Application | C4: F10c | D4: WAA0005 | F4: 1363
A5: SRP- Mobile Plant | B5: New Application- additional activities charge (20% of the base charge) | C5: F10c | D5: WAA0005 | F5: =F4*(20/100) -> 272.6
A6: SRP- Mining Waste (SR2009No8) | B6: New Application | C6: F11b | D6: WAA0016 | F6: 1058
A7: SRP- Mining Waste (SR2009No8) | B7: New Application- additional activities charge (20% of the base charge) | C7: F11b | D7: WAA0016 | F7: =F6*(20/100) -> 211.6
A8: SRP | B8: Administrative Variation | C8: F10b/F10c | D8: WAA0003, WAA0006 (MP), WAA0018 (MW) | F8: 739
A9: SRP | B9: Minor Technical Variation | C9: F10b | D9: WAA0002, WAA0017 (MW) | F9: 2975
A10: SRP | B10: Transfer | C10: F10b | D10: WAA0004, WAA0007 (MP), WAA0019 (MW) | F10: 1914
A11: SRP- with location assessment- SR2010no12/13 only | B11: New Application | C11: F10e | D11: WAA0008 | F11: 4916
A12: SRP- with location assessment- SR2010no12/13 only | B12: Administrative Variation | C12: F10e | D12: WAA0010 | F12: 739
A13: SRP- with location assessment- SR2010no12/13 only | B13: Minor Technical Variation | C13: F10e | D13: WAA0009 | F13: 2975
A14: SRP- with location assessment- SR2010no12/13 only | B14: Transfer | C14: F10e | D14: WAA0011 | F14: 1914
A15: Tier 2 bespoke- SR2010no7/8/9/10/14 or SR2011no1 only | B15: Normal Variation | C15: F10d | D15: n/a | F15: 2128
A16: Tier 2 bespoke- SR2010no7/8/9/10/14 or SR2011no1 only | B16: Transfer | C16: F10d | D16: n/a | F16: 1058
A17: Tier 2 bespoke- SR2010no7/8/9/10 only | B17: Surrender | C17: F10d | D17: n/a | F17: 3899
A18: Tier 2 bespoke- SR2010no14 or SR2011no1 only | B18: Surrender | C18: F10d | D18: n/a | F18: 1672
A19: Tier 2 Landfill gas facility | B19: New Application | C19: F10e | D19: WAA0012 | F19: 4916
... A32: Bespoke- waste, mobile plant, inert landfill, and mining waste | B32: New Application | C32: G3a | D32: WAA0020, WAA0026 (MP), WAA0043 (MW), WAA0037 (IL) | F32: 10312
A33: Bespoke- waste, mobile plant, inert landfill, and mining waste | B33: New Application- additional activities charge (20% of the base charge) | C33: G3a | D33: WAA0020, WAA0026 (MP), WAA0043 (MW), WAA0037 (IL) | F33: =F32*(20/100) -> 2062.4
A34: Bespoke | B34: Administrative Variation | C34: G3a | D34: WAA0021, WAA0027 (MP), WAA0044 (MW), WAA0038 (IL) | F34: 739
A35: Bespoke | B35: Normal Variation | C35: G3a | D35: WAA0022, WAA0028 (MP), WAA0045 (MW), WAA0039 (IL) | F35: 8558
A36: Bespoke | B36: Minor Technical Variation | C36: G3a | D36: WAA0023, WAA0029 (MP), WAA0046 (MW), WAA0040 (IL) | F36: 2975
A37: Bespoke | B37: Transfer - Part | C37: G3a | D37: WAA0024, WAA0030 (MP), WAA0047 (MW), WAA0041 (IL) | F37: 5086
A38: Bespoke | B38: Transfer - Full | C38: G3a | D38: WAA0025, WAA0031 (MP), WAA0048 (MW), WAA0042 (IL) | F38: 3308
A39: Surrender | B39: Basic Surrender- Part | C39: F10f/F11c/G3b | D39: WAA0063 | F39: 2650
A40: Surrender | B40: Basic Surrender - Full | C40: F10f/F11c/G3b | D40: WAA0064 | F40: 1666
A41: Surrender | B41: Low Risk Surrender - Part | C41: F10f/F11c/G3b | D41: WAA0067 | F41: 5775
A42: Surrender | B42: Low Risk Surrender - Full | C42: F10f/F11c/G3b | D42: WAA0068 | F42: 4742
A43: Surrender | B43: Normal Surrender - Part | C43: F10f/F11c/G3b | D43: WAA0065 | F43: 6707
A44: Surrender | B44: Normal Surrender - Full | C44: F10f/F11c/G3b | D44: WAA0066 | F44: 5656
A45: Surrender | B45: Non-operational Surrender - Part | C45: F10f/F11c/G3b | D45: WAA0069 | F45: 2386
... A59: Component | B59: Bioaerosol risk assessment | C59: G3c | D59: WAA0061 | F59: 3827
A60: Total | F60: =SUBTOTAL(109,F2:F59) -> 4742
D64: Refund Breakdown- Bespoke
D65: Application Fee Paid: | E65: =F60 -> 4742
D66: 24% of the Application Fee: This amount will be retained by us to cover our costs. | E66: =E65*(0.24) -> 1138.08
D67: Amount to be Refunded: | E67: =E65*(0.76) -> 3603.92
D69: Refund Breakdown- SRP
D70: Application Fee Paid: | E70: =F60 -> 4742
D71: 36% of the Application Fee: This amount will be retained by us to cover our costs. | E71: =E70*(0.36) -> 1707.12
D72: Amount to be Refunded: | E72: =E70*(0.64) -> 3034.88
D74: Fee refund should be based on what documents were provided, not what they should have provided, for example if a OMP was provided and needed it should be charged for. However, if it was needed but not provided we should not charge for it i.e., we cannot charge to assess a document we don't have.

Sheet Decision and actions
A1: Decision and actions required | E1: New Bespoke Tier 2 | F1: New SRP | G1: New Bespoke | H1: Vary SRP | I1: Vary Bespoke | J1: Transfer | K1: Surrender
A2: Action | B2: Yes/No/NA | C2: Date | D2: Notes | E2: Y | F2: Y | G2: Y | H2: Y | I2: Y | J2: Y | K2: Y
A3: Are all relevant documents present and do they appear to cover the right information? | B3: Yes | C3: 46133 | E3: Y | F3: Y | G3: Y | H3: Y | I3: Y | J3: Y | K3: Y | M3: Yes
A4: Is the fee correct? | B4: Yes | C4: 46133 | E4: Y | F4: Y | G4: Y | H4: Y | I4: Y | J4: Y | K4: Y | M4: No
A5: Not duly made email sent for additional information/fee? | B5: N/A | E5: Y | F5: Y | G5: Y | H5: Y | I5: Y | J5: Y | K5: Y | M5: N/A
A6: Has the requested information been received by the deadline date? | B6: N/A | E6: Y | F6: Y | G6: Y | H6: Y | I6: Y | J6: Y | K6: Y
A7: Application returned? | B7: N/A | E7: Y | F7: Y | G7: Y | H7: Y | I7: Y | J7: Y | K7: Y
A8: Application withdrawn? | B8: N/A | E8: Y | F8: Y | G8: Y | H8: Y | I8: Y | J8: Y | K8: Y
A9: Application duly made? | B9: Yes | C9: 46150 | E9: Y | F9: Y | G9: Y | H9: Y | I9: Y | J9: Y | K9: Y
A10: Status on PALS updated? | B10: Yes | C10: 46150 | E10: Y | F10: Y | G10: Y | H10: Y | I10: Y | J10: Y | K10: Y
A11: Duly made email sent? | B11: Yes | C11: 46150 | E11: Y | F11: Y | G11: Y | H11: Y | I11: Y | J11: Y | K11: Y
A12: Publicise on web? | E12: Y | F12: Y | G12: Y | H12: Y | I12: Y | J12: N | K12: N
A13: Advertise in newspaper? | D13: Only for HPI sites | E13: Y | F13: Y | G13: Y | H13: Y | I13: Y | J13: N | K13: N
A14: Publicise in Social Media ( email the link for the web advert to Comms team) | D14: Mining waste only | E14: N | F14: N | G14: Y | H14: N | I14: Y | J14: N | K14: N
A15: Consultation with Consultees (i.e. LPA, PHW, EH, HSE, PCT) | E15: Y | F15: N | G15: Y | H15: N | I15: Y | J15: N | K15: N
A16: Landowner notification letter sent | E16: Y | F16: Y | G16: Y | H16: N | I16: N | J16: N | K16: N
A17: DM checklist saved to the DMS | B17: Yes | C17: 46150 | E17: Y | F17: Y | G17: Y | H17: Y | I17: Y | J17: Y | K17: Y
A18: All documents linked from application form saved to DMS? | B18: Yes | C18: 46133 | E18: Y | F18: Y | G18: Y | H18: Y | I18: Y | J18: Y | K18: Y
A19: Landfill Disposal Tax team informed | B19: N/A | E19: Y | F19: Y | G19: Y | H19: Y | I19: Y | J19: Y | K19: Y
E20: Y | F20: Y | G20: Y | H20: Y | I20: Y | J20: Y | K20: Y
A21: ‘Duly Made’ officers notes: Use this box to record conversations with the applicant/ operator, detailed reasons why the application can/cannot be duly made and any subsequent correspondence or actions. | E21: Y | F21: Y | G21: Y | H21: Y | I21: Y | J21: Y | K21: Y
E22: Y | F22: Y | G22: Y | H22: Y | I22: Y | J22: Y | K22: Y
E23: Y | F23: Y | G23: Y | H23: Y | I23: Y | J23: Y | K23: Y
E24: Y | F24: Y | G24: Y | H24: Y | I24: Y | J24: Y | K24: Y
E25: Y | F25: Y | G25: Y | H25: Y | I25: Y | J25: Y | K25: Y
A27: Percentage of forms/documents incomplete
A28: Where over 25% of responses are no, the application is regarded as incomplete
A29: Doc and info check | B29: ='Doc''s & info'!B36 -> 0
A30: New SRP | B30: ='New SRP'!C77 -> #DIV/0!
A31: New Bespoke Tier 2 | B31: ='New Besp'!C141 -> 0
A32: New Bespoke | B32: ='New Besp'!C142 -> #DIV/0!
A33: Vary SRP (all types) | B33: ='Var SRP'!C78 -> #DIV/0!
A34: Vary Bespoke (all types) | B34: ='Var Besp'!C147 -> #DIV/0!
A35: Transfer | B35: =Transfer!C67 -> #DIV/0!
A36: Surrender | B36: =Surrender!C59 -> 0
A37: EMS | B37: =EMS!C49 -> #DIV/0!
A38: TCM | B38: ='TCM '!C23 -> #DIV/0!
A39: Risk Assessments | B39: ='Risk Assessment'!C55 -> #DIV/0!
A40: FPMP | B40: ='FPMP '!B185 -> #DIV/0!
A41: Noise | B41: =Noise!C45 -> #DIV/0!
A42: Odour | B42: =Odour!C38 -> #DIV/0!
A43: Dust | B43: ='Dust '!C33 -> #DIV/0!
A44: Pests | B44: =Pests!C36 -> #DIV/0!
A45: DfR | B45: ='DfR '!C62 -> #DIV/0!
A46: Bioaerosols | B46: =Bioaerosols!C64 -> #DIV/0!

Sheet EMS
A1: Environment Management System
A3: This applies to all new bespoke permits and variations. If the permit is a normal variation, only the relevant parts of the EMS should be updated by the operator and assessed.
A5: Document reference
A6: Time taken
A8: Guidance | B8: https://cdn.cyfoethnaturiol.cymru/media/2110/how-to-comply-with-your-environmental-permit.pdf?mode=pad&rnd=131467604540000000
A10: Section | B10: Part | C10: Yes/No/NA | D10: Comments
A11: Site plans | B11: Does it show the main features of the site and drawn to scale? | D11: It should also meet the guidance as set out in the application form and form guidance. | G11: Yes
B12: Including where relevant; activities, drainage, sensitive receptors | D12: As above | G12: No
A13: Operations | B13: Does it contain information on how to avoid or minimise environmental risk an impact of the normal running operations | D13: Should also be included in the site-specific risk assessment and supporting documents This information should be consistent across all application documents; if there is any confusion the application should not be duly made. | G13: N/A
B14: Does it contain information on waste acceptance, quantities, treatment and storage procedures | D14: As above
B15: Does it contain information on storage of materials on site - storage times and procedures to ensure that these times are not exceeded - maximum storage capacities for specified storage areas and the facility as a whole and procedures to ensure that these capacities are not exceeded - maximum storage heights to prevent or minimise the emission of dust, litter and throughput management | D15: As above
B16: Does it contain information on a procedure to identify the specific waste types stored at your facility | D16: As above
B17: Does it contain information on procedures to segregate incompatible wastes for example use of appropriate separation distances and or suitable engineering measures. | D17: As above
B18: Does it contain information on drainage infrastructure | D18: As above
B19: Does it contain information on transportation and distribution | D19: As above
B20: Does it contain information on how any potential pollution from the above activities could impact on air, water, land and neighbours | D20: As above
B21: Does it contain information on procedures to enable you to apply the waste hierarchy of re-use, recover, recycle, dispose | D21: As above
B22: Does it contain information on Duty of Care | D22: As above
A23: Maintenance | B23: Does it contain information on the sites programme of Planned Preventative Maintenance (PPM)
A24: Accidents and incidents (Defined as an accident, incident or event that may result in pollution) | B24: Does it contain information on potential accidents and put in place measures to minimise them happening | D24: Should also be included in the site-specific risk assessment and supporting documents.
B25: Does it contain information on events or equipment failures that could damage the environment, for example fires, vandalism, flooding or other extreme weather events such as drought, heat waves, strong winds, snow or extreme cold | D25: As above
B26: Does it contain information on how likely these events or failures are to happen | D26: As above
B27: Does it contain information on the consequences if they do happen | D27: As above
B28: Does it contain information on the steps needed to minimise them happening | D28: As above
B29: Does it contain information on the steps needed to minimise any impact if they do happen | D29: As above
B30: Does it contain information on how they will record and investigate complaints, pollution incidents or breaches of your permit and the actions taken. | D30: As above
B31: Does it contain a site plan which identifies location of any emergency kits or equipment for fire, spill kits and drain caps | D31: As above
A32: Site security | B32: Does it include information on site security? This will be dependant on the environmental risk posed by activity | D32: Should also be included in the site-specific risk assessment and supporting documents
A33: Non-compliance | B33: Does it include information on how non-compliance will be dealt with including recording, investigating and resolution
A34: Closure | B34: Does it include information on the plans in place that could make closing the site far easier and cheaper and evidence of the condition of the site via an SCR (only needs to be provided for a new bespoke or variation to increase permit area)
A35: Complaints | B35: Does it include information on how complaints will be dealt with including recording, investigating and resolution | D35: Should also be included in supporting management plans such as odour, noise & vibration and pests etc.
A36: Sufficient competent persons, resources and training | B36: Does it include information on training of staff and technical competence. Also see TCM tab
A37: Emissions and monitoring | B37: Does it include information on emissions to surface and groundwater | D37: Should also be included in the site-specific risk assessment and relevant supporting documents based on our assessment: risk low- in EMS/RA risk high- separate management plan and see relevant tab
B38: Does it include information on dust | D38: As above
B39: Does it include information on mud | D39: As above
B40: Does it include information on litter | D40: As above
B41: Does it include information on fine particulates and fumes | D41: As above
B42: Does it include information on VOCs | D42: As above
B43: Does it include information on odour | D43: As above
B44: Does it include information on noise and vibration | D44: As above
B45: Does it include information on pests | D45: As above
B46: Does it include information on bioaerosols | D46: As above
A47: Records | B47: Does it include information on how records will be maintained and kept up to date
A48: Access to your permit | B48: Does it include information on how any interested parties will view the permit, EMS or any other relevant management systems
B49: Percentage of required information missing | C49: =(100*(COUNTIF(C11:C48,"No"))/((COUNTIF(C11:C48,"Yes"))+(COUNTIF(C11:C48,"No")))) -> #DIV/0! | D49: Where over 25% of responses are no, the document is regarded as incomplete

Sheet TCM 
A1: Technically Competent Manager Qualifications
A3: Document reference
A4: Time taken
A6: Guidance | B6: https://www.euskills.co.uk/
B7: https://ciwmquals.co.uk/
B8: https://wamitab.org.uk/wp-content/uploads/2018/09/CIWM-WAMITAB-Operator-Competence-Scheme-Version-9-Final.pdf
A10: Section | B10: Part | C10: Yes/No/NA | D10: Comments | F10: Yes
A11: General Overview | B11: Has a named TCM been provided? | F11: No
B12: Are they/will they be covered by a relevant technical scheme: CIWM/WAMITAB or ESA/EU? | F12: N/A
A13: If WAMITAB certificates have been provided: | B13: Has primary competence been provided? | D13: Set out primary award and issue/expiry date
B14: Has continuing competence been provided? | D14: Set out CC award and issue/expiry date
B15: If certificates have not been provided, has proof of application for the correct course been provided?
B16: Is a grace period is applicable (medium and high risk only)?
B17: Is the certificate/course applied for suitable for the application applied for? | D17: If this is not correct, application should be "not duly made" Set out the relevant primary and CC, and give details on if the supplied certificates are, or are not, correct. Note from WAMITAB website- "The operator will need to maintain the appropriate Continuing Competence test for the original award and complete the appropriate Continuing Competence test for the new activity when their existing Continuing Competence becomes due."
A18: If ESA/EU certificates have been provided: | B18: Do they have a competent management system in place?
B19: If not, are they relying on the 12 month grace period?
B20: If relying on the grace period, have they confirmed that they will obtain necessary certification within 12 months of permit issue?
B21: Has the management scheme been certified by one of the EU Skills scheme's approval bodies?
A22: On site | B22: Do we consider this person to be in control of day to day activities on the site? | D22: i.e. do we have any reason to think they are not?
B23: Percentage of required information missing | C23: =(100*(COUNTIF(C11:C22,"No"))/((COUNTIF(C11:C22,"Yes"))+(COUNTIF(C11:C22,"No")))) -> #DIV/0! | D23: Where over 25% of responses are no, the document is regarded as incomplete

Sheet Risk Assessment
A1: Risk Assessments
A3: Document reference
A4: Time taken
A6: Guidance | B6: https://www.gov.uk/guidance/risk-assessments-for-your-environmental-permit
A8: Section | B8: Part | C8: Yes/No/NA | D8: Comments | F8: Yes
A9: General sections | B9: As per "How to Comply", are there general sections on the following: | F9: No
B10: a. Site operations | F10: N/A
B11: b. Maintenance
B12: c. Accidents
B13: d. Training and records
A14: Contents | B14: Does the risk assessment contain information on the following:
B15: a. Pollution/hazard source
B16: b. Receptor that can be affected
B17: c. sources
B18: d. Pathway
B19: e. Harm that could be caused
B20: f. Solutions
B21: g. Actions
B22: Overall, can the site operate without a significant risk to the environment?
A23: Areas of Risk | B23: Have the risks of the following been addressed, and if required, have management plans been provided:
B24: a. Any discharges to surface or groundwater
B25: b. Accidents e.g. flooding, fire, electric shock etc
B26: c. Odour
B27: d. Noise
B28: e. Vibration
B29: f. Dust
B30: g. Pests
B31: h. Litter
B32: i. Fire
B33: j. Flooding and flood plains
B34: k. Bioaerosols | D34: See Bioaerosols Tab
A35: Local features | B35: If present, have the following been included within the risk assessment: | D35: Note: SSSI/SAC/SPA/Ramsar/protected sites within relevant distances carry assessment fees.
B36: a. national parks
B37: b. areas of outstanding natural beauty (AONBs)
B38: c. sites of special scientific interest (SSSIs)
B39: d. special areas of conservation (SACs)
B40: e. special protection areas (SPAs)
B41: f. Ramsar sites (wetlands)
B42: g. marine conservation zones
B43: h. ancient woodlands
B44: i. local wildlife sites
B45: j. flooding
B46: k. protected habitats/species and section 6/7 species
B47: l. historic items (ancient monuments, historic sites etc.)
... B50: o. local residents
A51: General notes | B51: Have risks been identified in terms of low, medium or high risk?
B52: Have mitigation measures been included?
B53: Has the assessment covered both normal and abnormal operating conditions?
B54: Does the risk assessment meet what NRW find in their initial screening?
B55: Percentage of required information missing | C55: =(100*(COUNTIF(C9:C54,"No"))/((COUNTIF(C9:C54,"Yes"))+(COUNTIF(C9:C54,"No")))) -> #DIV/0! | D55: Where over 25% of responses are no, the document is regarded as incomplete

Sheet FPMP 
A1: Fire Prevention and Mitigation Plan (FPMP)
A2: DULY MAKING CHECKLIST
G3: Yes
A4: Document reference: | G4: No
A5: Time taken: | G5: N/A
A7: Produced in accordance with guidance Version 3, 2025 | C7: LINK TO NEW GUIDANCE
A8: If text is in this colour; Guidance states that this information MUST be provided
A10: Detail required | B10: Included in the FPMP? Yes/No/NA | C10: Comments | D10: What the FPMP guidance states
A11: Is the FPMP produced in accordance with NRW guidance? | C11: If not produced in line with NRW guidance needs to be not duly made.
A12: Activities at your site
A13: Does the FPMP contain the following information:
A14: The amount and type of waste received daily and how it is managed.
A15: The total amount of waste and the types and forms (for example unprocessed, shredded, chipped, fines or baled) that is stored on site at any one time | C15: If information is not included, application needs to be not duly made.
A16: How the waste will be stored
A17: Maximum time each type of waste will be stored on site and how this is managed | C17: If information is not included, application needs to be not duly made.
A18: Where each type of waste is stored
A19: Maximum size of any waste stockpile - including length, width and depth | C19: If information is not included, application needs to be not duly made.
A20: Minimum separation/fire break distances between all waste/baled waste stacks, and between buildings and waste/baled waste stacks. | C20: If information is not included, application needs to be not duly made.
A21: Fire prevention techniques used, including management of hotspots, self combustion, monitoring, reporting, recording and actions
A22: Steps and procedures people must follow if a fire occurs on site
A23: Techniques used to minimise fire spreading within the site or from the site
A24: How safe access to the site for Fire and Rescue Services and other emergency responders is provided
A25: Consideration of all combustion products and emissions (to air, land and water) from the fire and the emergency response - including the impact on the community, critical infrastructure and the environment, and how they will be minimised | C25: Does the FPMP consider the location of the site in relation to these receptors, i.e. if site is next to motorway has it considered impact to this?
A26: Site plans and maps
A27: Does the site plan(s) include the following: | C27: If site plan not included in FPMP, application needs to be not duly made.
A28: are drawn to scale and large enough to show the details | C28: If not, application needs to be not duly made.
A29: layout of buildings (including access points, fire exits & location of utilities)
A30: locations of isolation points for utilities
A31: areas where hazardous materials are stored or processed (location of gas cylinders, chemicals, stacks of combustible materials, oil and fuel tanks)
A32: locations where each waste type will be stored and treated
A33: all separation distances
A34: any fire walls
A35: location of any POPs waste | C35: New to guidance - additional to current duly making
A36: main access routes for fire service vehicles – access requirements and the weight of vehicle may need to be confirmed with your local Fire and Rescue Service as various types of vehicles are in use
A37: any alternative access points around the site perimeter to assist fire fighting
A38: location of hydrants and water supplies
A39: drainage systems, foul and surface water drains, and their direction of flow and outfall points
A40: direction of runoff from site surfaces
A41: the location of drain covers and any pollution control features such as drain closure valves and firewater containment systems
A42: any watercourse, borehole or well located within or near the site
A43: areas of permeable or impermeable ground
A44: areas of natural and unmade ground
A45: any groundwater vulnerability zones
A46: location of plant, protective clothing and pollution control equipment and materials
A47: location of “off- site” emergency information pack with site plan
... A50: compass rose showing north and the prevailing wind direction
A51: location of sensitive receptors within 1km of the site: human receptors including hospitals, nursing homes, schools, residential areas, places of work, transport networks environmental receptors including source protection zones, surface waters, potable abstractions, groundwater, fisheries and protected sites including Sites of Special Scientific Interest (SSSIs), Special Areas of Conservation (SACs), Special Protection Areas (SPAs), and Ramsar sites | C51: If site plan does not include the sensitive receptors identified in accordance with the Environmental Risk Assessment and the My Map screening report, the application needs to be not duly made.
A52: Do they know how to contact these sensitive receptors, and what action is to be taken in the event of a fire?
A53: 6. Manage common causes of fires
A54: Does the FPMP include a list, as per the guidance? | C54: If list is not included application or is not site specific or is missing obvious ones such as arson the application needs to be not duly made.
A55: Arson or vandalism
A56: Visitors and contractors
A57: Ignition sources
A58: Self-combustion
A59: Hot weather
A60: Plant or equipment failure
A61: Discarded smoking materials
A62: Hot works, for example welding or cutting
A63: Industrial heaters
A64: Plant and hot exhausts
A65: Damaged or exposed electrical cables
A66: Reactions between wastes
A67: Batteries
A68: Lithium Ion batteries | C68: New to guidance - additional to current duly making
A69: Batteries in end-of-life vehicles (ELVs)
A70: Hot loads deposited at the site
A71: Build-up of loose combustible waste, dust and fluff
A72: Tramp metal
A73: Cylinders stored at the site
A74: Leaks and spillages of oils and fuels
A75: 7. Managing waste
A76: Does the FPMP include a method to record and manage the storage of all waste on site?
A77: Does the FPMP include robust waste acceptance procedures to prevent receipt of unauthorised waste, or waste that the site does not have the capacity to treat or store?
A78: Does the FPMP include alternative waste management options available in case the site reaches its safe storage capacity?
A79: Storage times
A80: Have storage times for the different waste types been included? This includes the different waste forms i.e. Non-shredded or wastes whose particle size has not been reduced, baled, compacted, shredded and similarly treated wastes (that is wastes whose particle size has been reduced).
A81: Self combustion
A82: Are they proposing to store materials at risk of self-combustion for longer than 3 months? | C82: If they are not proposing to store materials at risk of self-combustion for longer than 3 months, answer as "N/A" . | D82: Materials that are at risk of self-combustion if stored for more than 3 months are: • green material, compost, wood and wood products • paper and paper products • general/mixed waste including residual waste and refuse derived fuel (RDF) • whole tyres • smaller size or graded materials either stored or mixed • material that has not had potential hazards removed before stockpiling, for example exposed rust (which can generate heat) • treated materials which are not cold before storage (treatment processes can generate heat)
A83: If yes, are additional measures to reduce the risk of self combustion including monitoring included (i.e. monitoring)? | C83: If the answer is no, application needs to be not duly made. | D83: If you are storing any materials at risk of self-combustion for longer than 3 months you must show what additional measures you will take, including monitoring, to reduce this risk.
A84: Stack sizes and separation distances
A85: Does the FPMP include proposed stack sizes and separation distances? Does it include the following:
A86: Maximum stack length
A87: Maximum stack height
A88: Maximum stack width
A89: A clear area must be established around the perimeter of the site.
A90: Easy access for emergency vehicles around the whole site
A91: Monitoring and turning of stacks (This section does not apply to compost windrows during the composting process).
A92: Does the FPMP include monitoring that will be carried out? | C92: Sites storing any materials at risk of self-combustion for longer than 3 months must carry out monitoring. For these sites if monitoring is not included, application needs to be not duly made. | D92: If you are storing any materials at risk of self-combustion for longer than 3 months you must show what additional measures you will take, including monitoring, to reduce this risk.
A93: Does the FPMP explain what indicators will be used in relation to temperature and moisture content and what action will be taken in relation to these?
A94: Are staff trained to detect and manage hotspots?
A95: Seasonality and stack management
A96: Does the FPMP include information on waste stack management, i.e. suitability of the materials, resilient supply chain and end user outlets?
A97: If the materials on site are subject to seasonal variation in demand and/or supply does the plan demonstrate how these variations will be managed?
A98: Does the plan demonstrate how they will follow the principle of “first in, first out” so that wastes are stored for no longer than the limits in the storage times section.
A99: Does the plan include contingencies?
A100: Baled waste storage
A101: Does the FPMP include how they are reducing the risk of fire occurring within the bales? | C101: If waste is baled and the FPMP does not include this it is likely that it needs to be not duly made, but discuss with mentor. If not storing baled waste, answer as "N/A".
A102: Does the FPMP include the configuration of how the bales are stored? | C102: this is new to the checklist but not the guidance
A103: Enclosing stacks using bays and fire walls
A104: Do the bays or fire walls between the stacks provide fire resistance for 120 mins? | C104: If not storing using bays or walls, answer as "N/A".
...

Sheet Noise
A1: Noise Impact Assessment and Management Plan
A3: Document reference
A4: Time taken
A6: Guidance | B6: Noise and vibration management: environmental permits - GOV.UK (www.gov.uk)
B7: Method implementation document (MID) for BS 4142 - GOV.UK (www.gov.uk)
B8: Noise impact assessments involving calculations or modelling
B9: https://www.ioa.org.uk/membership-check
A10: Section | B10: Part | C10: Yes/No/NA | D10: Comments | F10: Yes
A11: NIA | B11: Has the NIA report been produced in line with BS4142? | D11: If not produced in line with BS4142 likely needs to be not duly made and returned, but discuss with noise lead. | F11: No
A12: Does the NIA include information on the following (as required by Clause 12 of BS4142) | B12: Statement of competency for all persons contributing to the assessment | D12: You can do a membership check on the IOA website (see link above), any persons who are an Associate Member, Member, or Fellow should be sufficiently competent. | F12: N/A
B13: Description of source(s) being assessed, including: - the main sound sources and specific sound - operational times, including operational times of plant - description of site layout and location of main sound sources
B14: Subjective impressions of the specific sound and main sound sources contributing to residual sound
B15: Identification of nearest sensitive receptors and description of the existing context, including an assessment of the sensitivity of the receptor, e.g. school, dwelling, office.
B16: Plan showing measurement locations and description including distance from sound source, intervening ground. A justification for the choice of measurement locations should also be included.
B17: Equipment used, including calibrator or pistonphone: - type and/or model; - manufacturer; - serial number; and - details of the latest verification test including dates.
B18: Field calibration test, including meter reading(s) before and after measurements with calibrator
B19: Weather conditions, including wind speed(s) and direction(s), precipitation, temperature, etc | D19: If no weather data is provided, and / or if no data is provided on wind speed or wind direction - not duly made
B20: Date(s) and time(s) of measurements.
B21: Sound levels and method of determination for: - residual - ambient - specific | D21: If ambient and residual sound could not be measured (e.g. non-operational site), the specific may have been modelled / calculated. Where residual and ambient have been measured the difference must be greater than 3dB. If not a combination of measurements and calculation / modelling may be used. Justification for the method used should be included.
B22: Background sound level(s) (LA90) and measurement time interval(s) and, in the case of measurements taken at an equivalent location, the reasons for presuming it to be equivalent.
B23: Rating level(s) - specific sound level plus any acoustic features of the specific sound
B24: Initial impact assessment - excess of the rating level(s) over the measured background sound level(s)
B25: Conclusions of the assessment after taking context into account.
B26: The potential impact of uncertainty
A27: Significant adverse impact | B27: Where the NIA concludes significant adverse impact (taking account of context), have mitigation / controls been included to prevent or minimise impact? Have these been quantified in decibels?
A28: Variation only | B28: Does the NIA consider all the noise resulting from the proposed variation – the existing site and the variation together? Both components should be shown and then added together to give a new total for site noise at the receptors. | D28: If noise from the existing site (before changes) has been considered as part of the background or the residual sound levels, the application should be not duly made.
A29: Raw data | B29: Has the following raw data been provided?
B30: If sound levels have been measured, has the measurement data been provided?
B31: If sound levels have been calculated, have the calculations been provided?
B32: If sound levels have been modelled, have the modelling files been provided? And are they in a format we can use? i.e. SoundPlan, CadnA, or .qsi file format.
B33: Where modelled, has all relevant numerical data been provided as required guidance on noise impact assessments involving calculations or modelling? | D33: See guidance linked above
A34: Noise Management Plan | B34: Does the NMP information on the following:
B35: Commitment to regular review the effectiveness on the NMP
B36: Commitment to ensure noise control equipment is designed, operated and maintained appropriately
B37: Identified sources of noise in normal and abnormal situations
B38: Identified anticipated incidents that may influence noise risk, e.g., weather, breakdowns etc
B39: Appropriate controls (measures) to manage identified risks
B40: Monitoring
B41: Details of actions, contingencies and responsibilities if problems arise
B42: Procedures in place to avoid serious noise pollution e.g. reducing / ceasing operations
B43: Engaging with neighbours
B44: Responding to complaints
B45: Percentage of required information missing | C45: =(100*(COUNTIF(C11:C44,"No"))/((COUNTIF(C11:C44,"Yes"))+(COUNTIF(C11:C44,"No")))) -> #DIV/0! | D45: Where over 25% of responses are no, the document is regarded as incomplete

Sheet Odour
A1: Odour Management Plan
A3: This checklist is suitable for most waste operations but if your dealing with an application for: - clinical waste you may wish to also consider 'How to comply with your environmental permit additional guidance for clinical waste'. - biowaste treatment you may wish to also consider the following industry guidance document produced by The Composting Association 'an industry guide for the prevention and control of odour at biowaste processing facilities'.
A5: Document reference
A6: Time taken
A8: Guidance | B8: How to comply with your environmental permit additional guidance for clinical waste
B9: An industry guide for the prevention and control of odour at biowaste processing facilities
B10: Environmental permitting: H4 odour management - GOV.UK (www.gov.uk)
A12: Section | B12: Part | C12: Yes/No/NA | D12: Comments | F12: Yes
A13: Odour Modelling | B13: Does the application include Odour Modelling? | D13: It is expected that the answer to this is 'no' but if modelling has been provided then you should seek advice from senior permitting colleagues and AQMARAT prior to duly making. This would be to ensure we have everything we require prior to duly making. TEMPORARY MEASURE - the work Tech Leads is doing on duly making modelling standard should be able to be fed into this going forward. If the answer is no then mark as "n/a" and complete the rest of this checklist. Seek advice from your mentor if required. | F13: No
A14: Site Overview | B14: Does the OMP provide an overview of site operations? | D14: Do the operating hours match those of the other application documents. If is not site specific and should not be duly made. | F14: N/A
B15: Does the OMP include key details: a) operating hours
B16: b) activities undertaken on site
B17: c) waste codes
B18: d) daily / annual throughput limit
B19: e) storage quantities (max) for odorous wastes
A20: Site Setting & Site Plan | B20: a) Does the OMP provide an description of the site location and does this identify key receptors and designations. | D20: Does the site setting match our own screening (e.g. does it mention all receptors, protected sites, an if not it is not site specific and should NOT be duly made.
B21: b) Does the OMP contain a site layout plan/s that demonstrates the following: i) North arrow | D21: If not it is not the site plan does not provide suitable information and therefore should NOT be duly made.
B22: ii) Wind rose (can be provided separately) | D22: As above
B23: iii) Scale | D23: As above
B24: iv) Site Surfacing | D24: As above
B25: v) All waste storage areas | D25: As above
B26: vi) Layout of internal waste storage areas | D26: As above
B27: vii) Monitoring points | D27: As above
A28: Odour Emissions: Sources, Impacts, and Control and Mitigation Measures | B28: a) Does the OMP appear to consider all odorous wastes (source materials) and odour generating activities (releases) included in the application. | D28: If not then the OMP is incomplete as it does not consider all odourous activities or waste and we do not have all the information required to start our assessment. Therefore should NOT be duly made. For Biowaste Treatment consider Section 10.2 (Table 6) to see if all relevant sources have been considered/mentioned.
B29: b) Does the OMP appear to outline all the potential impacts of odour emissions and does this correlate with the sensitive receptors highlighted and outlined in OMP regarding the site setting? | D29: If not then the OMP is incomplete as it does not consider all odourous activities or waste and we do not have all the information required to start our assessment. Therefore should NOT be duly made.
B30: c) Does the OMP appear to outline a number or controls or mitigation measures? | D30: For a lot of sites this could include but is not limited to: waste acceptance processes, isolation of wastes, removal of wastes and of turnaround or storage time for odorous wastes. This should include an outline of how they would they have considered / preplanned for possible odour incidents For Biowaste Treatment consider Section 5, Section 6, Section 8, Section 10.2 (Table 6) to see if a breadth of measures are mentioned some of these sections focus on management of the composting process to prevent odours, section 8 looks at more odour treatments like biofilters and scrubbers, finally section 10.2 is a troubleshooting section which is pretty good for our odour management plans as its set up in a manner which identifies odour source, corrective actions and then what the preventative actions are going forward. If not then it is not complete (i.e., obvious omissions) it should not be duly made.
A31: Monitoring of Odour Emissions | B31: Does the OMP outline how odour emissions are detected during day to day operation? Do the monitoring methods appear to cover all potential sources of odour? | D31: If not then it is not complete and should not be duly made
A32: Complaints Procedure | B32: a) Does the OMP outline a the complaints procedure? | D32: If not then it is not complete and should not be duly made
B33: b) Does the OMP outline what will occur in the event of a or multiple complaint/s being received in a short time. This should trigger a review of the current odour controls and whether anything else needs to be implemented. | D33: If not then it is not complete and should not be duly made
A34: Training, Record Keeping and Review of the OMP | B34: a) Does the OMP outline how staff will be trained on the OMP? | D34: If not then it is not complete and should not be duly made
B35: b) Does the OMP outline how appropriate records will be kept (for example of monitoring, complaints)? | D35: If not then it is not complete and should not be duly made
B36: c) Does the OMP outline how the records of the monitoring and complaints will be reviewed with the aim of improving operations on site? | D36: If not then it is not complete and should not be duly made
B37: d) Does the OMP outline how regularly and when the entire OMP will be reviewed? | D37: If not then it is not complete and should not be duly made
B38: Percentage of required information missing | C38: =(100*(COUNTIF(C13:C37,"No"))/((COUNTIF(C13:C37,"Yes"))+(COUNTIF(C13:C37,"No")))) -> #DIV/0! | D38: Where over 25% of responses are no, the document is regarded as incomplete

Sheet Dust 
A1: Dust Emissions Management Plan
A3: Document reference
A4: Time taken
A6: Guidance | B6: https://www.gov.uk/guidance/control-and-monitor-emissions-for-your-environmental-permit#emissions-management-plan-for-dust
A8: Section | B8: Part | C8: Yes/No/NA | D8: Comments | G8: Yes
A9: Site Overview | B9: Does the DEMP provide an overview of site operations? | D9: Do the operating hours match those of the other application documents. It is not site specific and should not be duly made. | G9: No
B10: Does the DEMP include key details: a) operating hours | G10: N/A
B11: b) activities undertaken on site
B12: c) waste codes
B13: d) daily / annual throughput limit
A14: Site Setting and Site Plan | B14: a) Does the DEMP provide an description of the site location and does this identify key receptors and designations? | D14: Does the site setting match our own screening (e.g. does it mention all receptors, protected sites, and AQMAs for PM10) if not it is not site specific and should not be duly made. You should consider: - in or within 2km of AQMA - 500m of sensitive receptor home, school, hospital etc - other dust sources (local)
B15: b) Does the DEMP contain a site layout plan/s that demonstrates the following: North arrow | D15: If not it is not the site plan does not provide suitable information and therefore should not be duly made.
B16: Wind rose (can be provided separately)
B17: Scale
B18: Site Surfacing
B19: All waste storage areas
B20: Layout of internal waste storage areas
B21: Visual monitoring points
A22: Dust Emissions: Sources, Impacts, and Control and Mitigation Measures | B22: a) Does the DEMP appear to consider all waste types and waste treatment activities that could result in dust emissions from site. | D22: If not then the DEMP is incomplete as it does not consider all dusty activities or waste and we do not have all the information required to start our assessment. Therefore should not be duly made.
B23: b) Does the DEMP appear to outline all the potential impacts of DEMP emissions and does this correlate with the sensitive receptors highlighted and outlined in DEMP regarding the site setting?
B24: c) Does the DEMP list a range of dust control measure and mitigation measures? | D24: Are mitigation / control measures outlined for all sources of dust identified in the DEMP and Risk Assessment. If not the DEMP is not Site Specific and should not be duly made.
A25: Monitoring Dust Emissions and Weather Conditions | B25: a) visual monitoring and how dust emissions are detected | D25: We would expect all sites to have some kind of formal visual monitoring inspection and designated points should be outlined in the DEMP that considers the site boundary and the duty activities. If not this should not be duly made.
B26: b) How they will monitor the weather conditions | D26: Weather conditions are fundamental in regards to the generation and transportation of dust emissions from sites. Operators must have considered how they will consider the weather conditions in DEMP. This is not an assessment of validity of the method but they must have suggested a source (e.g. visual inspection, wind sock, weather reports etc) if not then the DEMP is not duly made.
A27: Complaints Procedure | B27: a) Does the DEMP outline the complaints procedure? | D27: If not then it is not complete and should not be duly made
B28: b) Does the DEMP outline what will occur in the event of a or multiple complaint/s being received in a short time. This should trigger a review of the current dust controls and whether anything else needs to be implemented. | D28: If not then it is not complete and should not be duly made
A29: Training, Record Keeping and Review of the OMP | B29: a) Does the DEMP outline how staff will be trained on the DEMP ? | D29: If not then it is not complete and should not be duly made
B30: b) Does the DEMP outline how appropriate records will be kept (for example of monitoring, complaints)? | D30: If not then it is not complete and should not be duly made
B31: c) Does the DEMP outline how the records of the monitoring and complaints will be reviewed with the aim of improving operations on site? | D31: If not then it is not complete and should not be duly made
B32: d) Does the DEMP outline how regularly and when the entire DEMP will be reviewed? | D32: If not then it is not complete and should not be duly made
B33: Percentage of required information missing | C33: =(100*(COUNTIF(C9:C32,"No"))/((COUNTIF(C9:C32,"Yes"))+(COUNTIF(C9:C32,"No")))) -> #DIV/0! | D33: Where over 25% of responses are no, the document is regarded as incomplete

Sheet Pests
A1: Pests Management Plan
A3: Document reference
A4: Time taken
A6: Guidance | B6: How to comply with your environmental permit
B7: https://www.gov.uk/guidance/control-and-monitor-emissions-for-your-environmental-permit#pest-management-plan
B8: Fly management: how to comply with your environmental permit Version 1- April 2013
A10: Section | B10: Part | C10: Yes/No/NA | D10: Comments | G10: Yes
A11: Site Overview | B11: Does the PMP provide an overview of site operations? | G11: No
B12: Does the PMP include key details: a) operating hours | D12: Do the operating hours match those of the other application documents. If is not site specific and should not be duly made. | G12: N/A
B13: b) activities undertaken on site
B14: c) waste codes
B15: d) daily / annual throughput limit
A16: Site Setting | B16: Does the PMP provide an description of the site location and does this identify key receptors and designations that would be relevant to pests such as human receptors. | D16: Does the site setting match our own screening if not it is not site specific and should NOT be duly made.
A17: Site Plan | B17: Is there a site plan present in the PMP? | D17: If not it is not the site plan does not provide suitable information and therefore should NOT be duly made.
B18: Does it contain the following: 1) North arrow | D18: As above
B19: 2) Scale | D19: As above
B20: 3) All waste storage areas | D20: As above
B21: 4) Layout of internal waste storage areas | D21: As above
B22: 5) Monitoring points | D22: As above
A23: Sources of pests | B23: Does the PMP appear to consider all wastes and activities included in the application that could cause/attract pests? | D23: If not then the PMP is incomplete as it does not consider all activities or waste and we do not have all the information required to start our assessment. Therefore should NOT be duly made.
A24: Wider contents: Does the PMP include sections that discuss the following: | B24: a) monitoring and how pests are detected | D24: We would expect all sites to have some kind of formal visual monitoring inspection and designated points should be outlined in the PMP that considers the site boundary and the activities. If not this should NOT be duly made.
B25: b) pest control or mitigation measures Does the PMP contain any appropriate measures? How to comply gives possible appropriate measures to reduce pest problems as: - regular inspections by nominated personnel - isolation and securing/removal of wastes that are attracting scavengers or flies - employing professional pest controllers, either directly or by contract - effective scaring or other deterrent methods - netting | D25: Are mitigation / control measures outlined for all sources identified in the PMP and Risk Assessment. If not the PMP is not Site Specific and should not be duly made.
B26: c) how they will handle complaints and the how they will respond | D26: If not then the PMP is not duly made.
B27: d) how the PMP will be reviewed following an incident or high number of complaints | D27: If not then it is not complete and should not be duly made
B28: e) how staff will be trained on contents of plan? | D28: If not then it is not complete and should not be duly made
A29: Flies | B29: Has Table 4. On site and Pest Management Plan (PMP) assessment – Template check list for Waste Sites been completed/referenced?
B30: 1. Ensure that staff are trained in key areas, for example the significance of flies, using control techniques and waste rejection procedures.
B31: 2. Monitor fly numbers and the extent of breeding sites.
B32: 3. Select and implement the most appropriate long-term fly prevention methods, such as drying or removing manure, confining or covering waste materials, and using predators.
B33: 4. Select appropriate insecticidal fly control techniques, bearing in mind the need to minimise the impact of resistance, and the impact on beneficial organisms.
B34: 5. Decide the trigger level in fly populations for pesticide treatments, based on the timing of fly complaints from neighbours.
B35: 6. Regularly review effectiveness of the fly control methods.
B36: Percentage of required information missing | C36: =(100*(COUNTIF(C11:C35,"No"))/((COUNTIF(C11:C35,"Yes"))+(COUNTIF(C11:C35,"No")))) -> #DIV/0! | D36: Where over 25% of responses are no, the document is regarded as incomplete

Sheet DfR 
A1: Deposit for recovery
A3: Document reference
A4: Time taken
A6: Guidance | B6: Natural Resources Wales / How to prepare a waste recovery plan for a waste deposit for recovery permit | C6: OGN222
B7: Wastes acceptance procedures
B8: Conceptual site model (CSM)
B9: Hydrogeological risk assessments (HRA)
B10: Stability risk assessment
B11: Environmental setting and site design (ESSD) report
A13: Section | B13: Part | C13: Yes/No/NA | D13: Comments | F13: Yes
A14: General | B14: Is the application for a deposit for recovery activity? | D14: If yes, a WRP is required, complete this checklist. If no, a WRP is not required and you do not need to complete the rest of this checklist, and the answer should be marked as "n/a". | F14: No
B15: Has a WRP been provided? | F15: N/A
B16: Have we assessed the WRP and agreed it is recovery? | D16: If 'Yes' reference PPN If we have not agreed the WRP or it has changed, inform applicant that if we assess it and do not agree recovery, they may lose their application fee.
B17: Is the WRP the same as the version previously approved? | D17: If 'No' it will need to be reassessed
B18: Has the WRP assessment fee been paid (if required)? | D18: A fee does not need to be paid if the WRP has already been assessed and approved by us. If it has changed or not been assessed the WRP assessment fee must be paid.
A19: Standard Rules Application only | B19: Has the following criteria been met:
B20: Using no more than 60,000m3 of waste
B21: Wastes to be used are listed within the SRP
B22: The facility is not on a landfill, whether historical, closed or operational | D22: Historic landfills are shown on 'MyMap' under 'Resource Management Terrestrial'. MyMap for permitting should show permitted (installations & waste) closed & operational landfills.
B23: The deposit is not into a water body or sub-water table
A24: WRP must include | B24: a. Evidence to support recovery of waste (must demonstrate one of the three options):
B25: 1. Financial gain or other worthwhile benefit by using non-waste materials | D25: Including costings of using non-waste
B26: 2. Funding to use non-waste materials | D26: Including costings of using non-waste
B27: 3. Specific or general obligation
B28: If demonstrating recovery through a specific or general obligation through planning (option 3), has a copy of the planning permission and conditions been supplied?
B29: Have plans & cross sections been supplied?
B30: b. Evidence the waste is serving a useful purpose (is suitable) | D30: This must include a list of the waste types and the function they are fulfilling.
B31: If waste is being used to improve soil quality (e.g. landspreading), has a benefit statement been provided. | D31: Improving soil quality is not the same as creating a soil profile, benefit statement is not required for creating a soil profile.
B32: c. Purpose of the work (why it's needed and how it will meet that need) | D32: N/A if there is a specific obligation
B33: d. Quantity of waste used (including plans and cross sections) | D33: N/A if there is a specific obligation
B34: e. Meeting quality standards (that it is fit for purpose and completed scheme will not result in environmental problems/harm) | D34: N/A if there is a specific obligation
A35: Additional information that must be supplied for a bespoke (separate to the WRP):
A36: Wastes acceptance procedures | B36: Does the WRP include waste acceptance procedures?
B37: The waste acceptance procedures must set out:
B38: Evidence needed from producer
B39: Measures to make sure waste is not contaminated
B40: Waste acceptance criteria e.g. inert waste testing
B41: Details of testing requirements by the producer and receiving site (if needed) | D41: Refer to gov.uk guidance to confirm testing requirements- link above in guidance section
A42: Conceptual site model (CSM) | B42: Does the WRP include a CSM? | D42: The CSM should determine what risk assessments are required
B43: The CSM must include:
B44: Drawing of site in relation to surrounding features
B45: Sources of pollution (from historical and proposed new activities)
B46: Pathways (geology, hydrogeology, groundwater, surface water, etc)
B47: Receptors (including a drawing showing all relevant receptors)
A48: Hydrogeological risk assessments (HRA) | B48: Qualitative HRA; OR
B49: Quantitative HRA. | D49: Required if in a sensitive location i.e. on a principal aquifer / secondary A aquifer; below the water table; SPZ 2 & 3; or in an area where groundwater provides a direct pathway to other sensitive receptors e.g. habitat sites. We would be unlikely to grant an environmental permit for a DfR site in a SPZ 1
B50: Check the HRA includes all sections required by the guidance | D50: see link above
B51: Site setting and CSM (or reference to the CSM)
B52: Justification of the level of assessment / modelling approach
B53: Review of the following, where applicable: - natural geology - geological barrier - attenuation layer - surface water management system
A54: Stability risk assessment | B54: Does the WRP include a Stability risk assessment (where relevant)? | D54: see link above
A55: Amenity risk assessment | B55: Does the WRP include an Amenity risk assessment? | D55: See 'Risk Assessment' tab
A56: Environmental setting and site design (ESSD) report | B56: Does the WRP include a ESSD?
B57: The ESSD must include:
B58: Site details e.g. location, site context
B59: Compliance points (where relevant) e.g. groundwater, surface water discharges
B60: Pollution control measures e.g. attenuation layer (if sensitive location), drainage ditches, etc
B61: Monitoring where required e.g. gas monitoring if identified by risk assessment (where waste is deposited more than 2m below ground surface)
B62: Percentage of required information missing | C62: =(100*(COUNTIF(C14:C61,"No"))/((COUNTIF(C14:C61,"Yes"))+(COUNTIF(C14:C61,"No")))) -> #DIV/0! | D62: Where over 25% of responses are no, the document is regarded as incomplete

Sheet Bioaerosols
A1: Site Specific Bioaerosol Risk Assessment Duly Making Checklist Note - this includes the screening process to see if and what type of site specific bioaerosol risk assessment is required. This needs to be completed for all biowaste treatment sites as it provides an audit trail of the screening process. | C1: In accordance with M9 Environmental monitoring of bioaerosols at regulated facilities, "nearest sensitive receptor” means the nearest place to the permitted activities where people are likely to be for prolonged periods. This term would therefore apply to dwellings (including any associated gardens) and to many types of workplace. We would not normally regard a place where people are likely to be present for less than 6 hours at one time as being a sensitive receptor. The term does not apply to those controlling the permitted facility, their staff when they are at work or to visitors to the facility as their health is covered by Health and Safety at Work legislation. NB The term would apply to dwellings occupied by the family of those controlling the permitted facility
A2: PAN Number | B2: PAN-
A3: Document reference
A4: Time taken
A5: Guidance | B5: Bioaerosol monitoring at regulated facilities: RPS 209 - GOV.UK
B6: M9 environmental monitoring of bioaerosols at regulated facilities - GOV.UK (www.gov.uk)
B8: Detail | C8: Yes/ No/ NA | D8: Comments | O8: Yes
A9: Type of application | O9: No
A10: New bespoke | B10: Is the activity for the biological treatment of waste, including: MBT (mechanical biological treatment), composting, AD (anaerobic digestion) facilities that include an aerobic/anaerobic treatment stage and, open biofilters or point source emissions (including closed biofilters). | C10: Yes | D10: Yes - complete screening process to see if a site specific bioaerosol risk assessment is required. If SSBRA is required but has not been included application needs to be not duly made. No - SSBRA is not required. | O10: N/A
A11: Normal variation | B11: Is this a variation to add a new biological treatment activity or to increase the annual throughput or to change operating techniques for example changing the location of a point source emission or changing where the activity is carried out on site | D11: Yes - a SSBRA is required. The SSBRA needs to be based on the changes and not on the existing activities. If SSBRA is not included application needs to be not duly made. No - SSBRA is not required.
A12: Risk screening
A13: Tier 1 Risk screening | B13: Tier 1 – risk screening - Has this been provided? This applies to all facilities, as it is risk screening that is used to decide if a facility requires further assessment or not. | D13: All biowaste treatment sites need to complete this. If not, application needs to be not duly made.
A14: Does this include: | B14: Type of process
B15: Capacity of the process
B16: Complexity
B17: All sensitive receptors within 250m or less of the site boundary | D17: Specific sensitive receptors need to be identified - schools, nursing homes, hospitals etc
B18: Specific risk groups - nursing homes, hospital etc (sensitive receptors) that are just outside the 250m
B19: Distance from sensitive receptors | D19: Specific sensitive receptors need to be identified - schools, nursing homes, hospitals etc
A20: Risk screening result | B20: Do we consider that the facility has been screened out? | D20: Yes - site screens out and no further action/ information is required. Include reason that site has been screened out and save this document to the application folder on the DMS. No - move to assessment stage, either Tier 2 or Tier 3 depending on the size of the site. complexity and sensitive receptor
A21: Assessment | B21: If the site does NOT screen out, a Tier 2 OR Tier 3 assessment is required.
A22: Tier 2 Qualitative assessment - | B22: Tier 2 – Qualitative assessment A source, pathway, receptor model is assessed for each sensitive receptor within the 250m or less. The risks are assessed and mitigation measures are proposed by the operator of the facility. Where there are specific "risk groups" in the 250m or less zone has the applicant sufficiently assessed them? Has this been provided? | D22: This applies to sites that have not been screened out by the Tier 1 risk screening process. Large sites or those near to vulnerable sensitive receptors should provide a quantitative assessment (Tier 3) and NOT a qualitative assessment
A23: Does this include: | B23: Type of biowaste treatment
B24: Process description
B25: Type of feedstock
B26: The amount processed at any one time and seasonal variations
B27: Types of operation (i.e. screening, shredding)
B28: All sources of bioaerosols - (including open sources i.e. open windrow composting and biofilters and point source emissions i.e. stacks)
B29: Site layout detailing where different treatment activities are carried out, including any screens, building, bunds, or trees around the site
B30: Process diagram or ‘flowsheet’ of the facility
B31: All sensitive receptors within 250m of the site boundary.
B32: Risks groups beyond 250m from the site for releases through stacks and in sites with large releases
B33: Distance the sensitive receptor is from the active operational area
B34: Intermittent sensitive receptors (caravan parks, Fruit picking fields
B35: Local wind direction/speed data including full details of prevailing wind directions for a 12 month period. | D35: Need to consider where the weather data is coming from and if it is representative of the site i.e. not from a weather station 10 miles away
B36: Other sources of bioaerosols in vicinity e.g. other waste activities, farms
B37: Other emissions, e.g. odour
B38: Plan showing: permitted site boundary, location of the process, site buildings and screening. Point source emissions and sensitive receptors within 250m.
B39: Conclusion of qualitative risk assessment
B40: Bioaerosol Prevention and Mitigation Plan
B41: Are they proposing to monitor in accordance with M9 | D41: In accordance with M9 Environmental monitoring of bioaerosols at regulated facilities, a number of different sample locations are required to assess the levels of bioaerosol emitted from an open facility. It is necessary to locate these at specified distances, which are dependent on the distance from the centre of the active operational area. For example, the active operational area for composting is the area where activities, such as waste shredding, waste screening and windrow turning is taking place.
D42: Sample locations upwind Sampling should be carried out upwind of the site. Upwind data should provide information on the concentration of specified bioaerosols that are present in the air blowing onto the operational area of the site Sample locations downwind Sampling should be carried out downwind of the site, using a fan like shape arrangement to detect the position of the plume. The orientation of the measurement area is determined by the prevailing mean wind direction.
A43: Tier 3 – Quantitative risk assessment | B43: Tier 3 – Quantitative risk assessment is a specialised activity most likely to be necessary for large facilities in sensitive environmental settings. It may be required when screening assessments indicate they are necessary for a facility due to its specific circumstances e.g. located near to particularly vulnerable people. Tier 3 quantitatively assesses the level of risk and this is when an air quality modelling approach is required. Has this been provided? | D43: This applies to sites that have NOT been screened out by the Tier 1 risk screening process and applies to large sites or those near to vulnerable sensitive receptors.
A44: Does this include: | B44: Type of biowaste treatment
B45: Process description
B46: Type of feedstock
B47: The amount processed at any one time
B48: Types of operation (i.e. screening, shredding)
B49: All sources of bioaerosols - (including open sources i.e. open windrow composting and biofilters and point source emissions i.e. stacks)
B50: Site layout detailing where different treatment activities are carried out, including any screens, building, bunds, or trees around the site
B51: Process diagram or ‘flowsheet’ of the facility
B52: All sensitive receptors within 250m
B53: Distance the sensitive receptor is from the active operational area
B54: Intermittent sensitive receptors (caravan parks, Fruit picking fields
B55: Local wind direction/speed data | D55: Need to consider where the weather data is coming from and if it is representative of the site i.e. not from a weather station 10 miles away
B56: Other sources of bioaerosols in vicinity e.g. other waste activities, farms
B57: Other emissions, e.g. odour
B58: Plan showing: permitted site boundary, active operational areas, point source emissions, sensitive receptors within 250m.
B59: Specialised dispersion modelling
B60: Modelling files
B61: Assessment should demonstrate whether there would be a significant risk to human health (at sensitive receptors) at worst-case scenarios. This should apply during worst case operating and meteorological conditions, taking account of quantifiable uncertainty and with reference to appropriate threshold values.
B62: Conclusion of quantitative risk assessment
B63: Bioaerosol Prevention and Mitigation Plan
B64: Percentage of required information missing | C64: =(100*(COUNTIF(C22:C63,"No"))/((COUNTIF(C22:C63,"Yes"))+(COUNTIF(C22:C63,"No")))) -> #DIV/0! | D64: Where over 25% of responses are no, the document is regarded as incomplete

Sheet Anaerobic Digestion
B4: To be considered for AD applications (bespoke and normal variations) - for recovery of digestate and the production of biogas
B5: Does the application support the recovery of the digestate?
B7: Does the application include the process control parameters to demonstrate the stability of the digestate for it to be considered as “recovered” and therefore suitable for it to be spread to land. This must include (but is not limited to the following):
B8: Retention time (both hydraulic and solid) and Organic Loading Rate. Please note that manure and slurry usually take a significant retention time of 30-40 days in traditional digesters. Shorter retention times must be supported by evidence demonstrating the stability of the digestate.
B9: Recognised methodology that will be used to determine the stability of digestate including regular sampling that is sent to approved laboratory
B10: Periodic sampling results that have already been taken from the operational activity (from approved laboratory).
B11: Details on how those sampling results have been considered in terms of the stability of the digestate.
B13: Does the application consider MCPD?
B16: Please note that this is work in progress and subject to revision.
